 Seeded DCSS version 0.30-a0-23-ge60ba35 (webtiles) character file.

Game seed: 7543809523427428076 (custom seed)

45931620 PurpleRed the Archmage (level 27, 273/273 HPs)
             Began as a Meteoran Air Elementalist on Aug 22, 2022.
             Was the Champion of Vehumet.
             Escaped with the Orb
             ... and 15 runes on Aug 24, 2022!
             The game lasted 08:23:20 (31770 turns).

PurpleRed the Archmage (Meteoran Air Elementalist) Turns: 31770, Time: 08:23:20

Health: 273/273    AC: 27    Str: 19    XL:     27
Magic:  55/55      EV: 36    Int: 39    God:    Vehumet [******]
Gold:   8423       SH: 14    Dex: 23    Spells: 1/80 levels left

rFire   + + +      SeeInvis .    T - +3 Elemental Staff {rElec rF++ rC++ AC+5}
rCold   + . .      Faith    .    n - +3 buckler {AC+3}
rNeg    + + +      Spirit   .    E - +2 robe of Wu Jian's Wrath {Str+2 Int+2 Stlth- Archmagi}
rPois   +          Reflect  .    M - +2 hood of the Assassin {Detection Stab+ Stlth++}
rElec   +          Harm     +    J - +2 cloak {Will+}
rCorr   .          Rampage  .    Z - +1 pair of gloves of Ashyesuw {Harm Int+4}
Will    ++++.      Archmagi +    C - +2 pair of boots {Fly}
Stlth   ++........               W - amulet of regeneration
HPRegen 1.35/turn                g - ring of Tabraot {Fire rN+ Str+4}
MPRegen 0.34/turn                b - ring "Cisuasue" {+Blink rN++ Int+5 Dex+6}

@: flying, glowing, studying 5 skills
A: sense surroundings 3, otherworldly, glowing, explore regen, hooves 1, poison
resistance
0: Orb of Zot
}: 15/15 runes: decaying, slimy, silver, golden, iron, obsidian, icy, bone,
abyssal, demonic, glowing, magical, fiery, dark, gossamer
a: Renounce Religion, Evoke Blink


You escaped.
You worshipped Vehumet.
Vehumet was exalted by your worship.
You visited 18 branches of the dungeon, and saw 86 of its levels.
You visited Pandemonium 1 time, and saw 16 of its levels.
You visited the Abyss 1 time.
You visited 1 bazaar.
You visited 2 ziggurats (completing 1), and saw 47 of their levels.

You collected 11655 gold pieces.
You spent 3232 gold pieces at shops.

Inventory:

Hand Weapons
 h - the +0 eveningstar of Cataclysm {vorpal, *Corrode rElec SInv Stlth+}
   (You took it off a deep elf sorcerer on level 3 of the Elven Halls)

   It inflicts extra damage upon your enemies.
   rElec:     It insulates you from electricity.
   SInv:      It lets you see invisible.
   *Corrode:  It may corrode you when you take damage.
   Stlth:     It makes you more stealthy.
 z - the +6 Majin-Bo {vamp, MP+6 Int+6}
   (You found it on level 10 of a ziggurat)

   It heals its wielder for a portion of the damage dealt when they wound a
   living foe with it or with a spell.
   Its wielder's spells cost health as well as magical power.
   Int:       It affects your intelligence (+6).
   MP:        It affects your magic capacity (+6).
 K - the +7 eveningstar of Taloh {holy, Int+5}
   (You found it in Pandemonium)

   It has been blessed by the Shining One to cause great damage to the undead
   and demons.
   Int:       It affects your intelligence (+5).
 P - a +9 vorpal demon whip
 T - the +3 Elemental Staff (weapon) {rElec rF++ rC++ AC+5}
   (You found it on level 5 of the Vaults)

   If the wielder is skilled in Evocations, they can discharge powerful blasts
   of elemental energy when striking with it.
   It enhances your fire, ice, earth and air magic.
   AC:        It affects your AC (+5).
   rF:        It greatly protects you from fire.
   rC:        It greatly protects you from cold.
   rElec:     It insulates you from electricity.
Missiles
 H - 2 throwing nets
 R - 6 curare-tipped darts
Armour
 c - the +0 pair of gloves "Aneahe" {Int+5}
   (You found it on level 1 of the Depths)

   Int:       It affects your intelligence (+5).
 n - a +3 buckler of protection (worn)
 o - the +0 mask of the Dragon {Will+ Slay+3 SInv}
   (You found it on level 10 of a ziggurat)

   Slay:      It affects your accuracy & damage with ranged weapons and melee
   (+3).
   SInv:      It lets you see invisible.
   Will:      It increases your willpower.
 s - a +1 helmet of intelligence
 C - a +2 pair of boots of flying (worn)
 E - the +2 robe of Wu Jian's Wrath (worn) {Str+2 Int+2 Stlth- Archmagi}
   (You found it on level 4 of the Swamp)

   Str:       It affects your strength (+2).
   Int:       It affects your intelligence (+2).
   Archmagi:  It increases the power of your magical spells.
   Stlth:     It makes you less stealthy.
 I - a +3 buckler of cold resistance
 J - a +2 cloak of willpower (worn)
 M - the +2 hood of the Assassin (worn) {Detection Stab+ Stlth++}
   (You found it on level 27 of a ziggurat)

   It allows the wearer to sense nearby creatures.
   It allows the wearer to make particularly effective stabbing attacks against
   helpless or unaware enemies with any weapon.
   Stlth:     It makes you much more stealthy.
 Z - the +1 pair of gloves of Ashyesuw (worn) {Harm Int+4}
   (You found it on level 5 of the Pits of Slime)

   Int:       It affects your intelligence (+4).
   Harm:      It increases damage dealt and taken.
Jewellery
 a - the ring of the Cursing Fool {MP+9 SInv}
   (You found it on level 2 of a ziggurat)

   [ring of magical power]

   MP:        It affects your magic capacity (+9).
   SInv:      It lets you see invisible.
 b - the ring "Cisuasue" (right hand) {+Blink rN++ Int+5 Dex+6}
   (You took it off a deep elf blademaster on level 3 of the Elven Halls)

   [ring of dexterity]

   Int:       It affects your intelligence (+5).
   Dex:       It affects your dexterity (+6).
   rN:        It greatly protects you from negative energy.
   +Blink:    It lets you blink.
 g - the ring of Tabraot (left hand) {Fire rN+ Str+4}
   (You found it on level 10 of a ziggurat)

   [ring of fire]

   It enhances your fire magic.
   Str:       It affects your strength (+4).
   rF:        It protects you from fire.
   rC:        It makes you vulnerable to cold.
   rN:        It protects you from negative energy.
 m - the amulet "Uxtiol" {RegenMP Will+ Dex+4}
   (You found it on level 5 of a ziggurat)

   [amulet of magic regeneration]

   It increases your rate of magic regeneration.
   Dex:       It affects your dexterity (+4).
   Will:      It increases your willpower.
 q - the amulet of Esoetis {rF+ Will- Regen+ Str+4}
   (You found it on level 16 of a ziggurat)

   [amulet of regeneration]

   Str:       It affects your strength (+4).
   rF:        It protects you from fire.
   Regen:     It increases your rate of health regeneration.
   Will:      It decreases your willpower.
 w - the ring of Seaneeq {rPois Will++ Str+4 Slay+4}
   (You found it on level 20 of a ziggurat)

   [ring of slaying]

   Str:       It affects your strength (+4).
   Slay:      It affects your accuracy & damage with ranged weapons and melee
   (+4).
   rPois:     It protects you from poison.
   Will:      It greatly increases your willpower.
 G - the ring of Wesics {Fly rElec rCorr}
   (You found it on level 17 of a ziggurat)

   [ring of flight]

   rElec:     It insulates you from electricity.
   Fly:       It grants you flight.
   rCorr:     It protects you from acid and corrosion.
 O - the amulet "Goarch" {Reflect rElec SH+5}
   (You found it on level 17 of a ziggurat)

   [amulet of reflection]

   It reflects blocked missile attacks.
   rElec:     It insulates you from electricity.
   SH:        It affects your SH (+5).
 S - the dreamshard necklace {*Dream Drain}
   (You found it on level 12 of a ziggurat)

   [amulet of nothing]

   It shatters if its wearer takes lethal or near-lethal damage, preventing the
   blow and releasing protective dreams that heal and fight for the wearer.
   Drain:     It drains your maximum health when unequipped.
 U - a +6 ring of intelligence
 V - the ring "Deviffew" {Contam rC++ Will++ Int+6}
   (You found it on level 7 of the Iron City of Dis)

   [ring of intelligence]

   Int:       It affects your intelligence (+6).
   rC:        It greatly protects you from cold.
   Contam:    It causes magical contamination when unequipped.
   Will:      It greatly increases your willpower.
 W - an amulet of regeneration (around neck)
Wands
 j - a wand of digging (20)
 u - a wand of acid (22)
Scrolls
 e - 10 scrolls of blinking
 l - 44 scrolls of teleportation
 p - 14 scrolls of enchant armour
 t - 11 scrolls of amnesia
 y - 9 scrolls of immolation
 D - 4 scrolls of summoning
 F - 5 scrolls of magic mapping
 N - 4 scrolls of fear
 X - 27 scrolls of fog
Potions
 d - 14 potions of flight
 f - 4 potions of ambrosia
 i - 5 potions of resistance
 k - 36 potions of curing
 r - 13 potions of heal wounds
 v - 3 potions of brilliance
 x - 8 potions of magic
 A - 8 potions of cancellation
 B - 28 potions of mutation
 Q - 11 potions of haste
 Y - 8 potions of might
Miscellaneous
 L - a +1 figurine of a ziggurat


   Skills:
 O Level 27 Fighting
 - Level 20.0 Maces & Flails
 + Level 22.6 Armour
 O Level 27 Dodging
 O Level 27 Stealth
 - Level 24.0 Shields
 O Level 27 Spellcasting
 O Level 27 Conjurations
 - Level 3.0 Hexes
 - Level 22.0 Necromancy
 - Level 8.0 Translocations
 - Level 14.0 Transmutations
 - Level 22.0 Fire Magic
 - Level 22.0 Ice Magic
 - Level 22.0 Air Magic
 - Level 22.0 Earth Magic
 - Level 7.0 Poison Magic
 - Level 5.0 Evocations


You had one spell level left.
You knew the following spells:

 Your Spells              Type           Power      Damage    Failure   Level
a - Polar Vortex          Ice            86%        N/A       1%          9
b - Fire Storm            Conj/Fire      100%       8d25      1%          9
c - Iskenderun's Mystic   Conj/Tloc      100%       2d19      0%          4
d - Necromutation         Tmut/Necr      69%        N/A       1%          8
e - Iron Shot             Conj/Erth      89%        9d16      0%          6
f - Fireball              Conj/Fire      100%       3d36      0%          5
g - Lehudib's Crystal Sp  Conj/Erth      89%        10d20     1%          8
h - Fulminant Prism       Conj/Hex       65%        3d28      0%          4
i - Swiftness             Air            100%       N/A       0%          3
j - Ozocubu's Refrigerat  Ice            86%        4d26      1%          7
l - Lightning Bolt        Conj/Air       89%        1d118     0%          5
m - Apportation           Tloc           100%       N/A       0%          1
n - Maxwell's Capacitive  Air            86%        ∞         1%          8
x - Sublimation of Blood  Necr           100%       N/A       0%          2

Your spell library contained the following spells:

 Spells                   Type           Power      Damage    Failure   Level
 Beastly Appendage        Tmut           100%       N/A       0%          1
 Foxfire                  Conj/Fire      100%       2x1d9     0%          1
 Freeze                   Ice            100%       1d11      0%          1
 Magic Dart               Conj           100%       1d8       0%          1
 Necrotise                Necr           100%       1d9       0%          1
 Sandblast                Erth           100%       2d20      0%          1
 Shock                    Conj/Air       100%       1d9       0%          1
 Sting                    Tmut/Pois      100%       1d8       0%          1
 Summon Small Mammal      Summ           100%       N/A       1%          1
 Ensorcelled Hibernation  Hex/Ice        100%       N/A       0%          2
 Passwall                 Tmut/Erth      100%       N/A       0%          2
 Poisonous Vapours        Pois/Air       100%       N/A       0%          2
 Scorch                   Fire           100%       2d10      0%          2
 Searing Ray              Conj           100%       2d8       0%          2
 Static Discharge         Conj/Air       100%       3-16/arc  0%          2
 Wereblood                Tmut           100%       N/A       0%          2
 Conjure Flame            Conj/Fire      100%       6-21      0%          3
 Dazzling Flash           Conj/Hex       100%       N/A       0%          3
 Frozen Ramparts          Ice            100%       1d16      0%          3
 Ignite Poison            Fire/Tmut/Pois 100%       N/A       0%          3
 Inner Flame              Hex/Fire       100%       N/A       0%          3
 Mephitic Cloud           Conj/Pois/Air  100%       N/A       0%          3
 Ozocubu's Armour         Ice            100%       N/A       0%          3
 Spider Form              Tmut/Pois      100%       N/A       0%          3
 Stone Arrow              Conj/Erth      100%       3d13      0%          3
 Vampiric Draining        Necr           100%       2d13      0%          3
 Airstrike                Air            86%        2d(13-29) 0%          4
 Animate Dead             Necr           100%       N/A       0%          4
 Corpse Rot               Necr/Pois/Air  100%       N/A       0%          4
 Dispel Undead            Necr           100%       3d31      0%          4
 Flame Wave               Conj/Fire      100%       2d21      0%          4
 Hailstorm                Conj/Ice       100%       3d20      0%          4
 Ice Form                 Ice/Tmut       100%       N/A       0%          4
 Petrify                  Tmut/Erth      100%       N/A       0%          4
 Agony                    Necr           100%       N/A       0%          5
 Borgnjor's Vile Clutch   Necr/Erth      86%        N/A       0%          5
 Freezing Cloud           Conj/Ice/Air   100%       6-21      0%          5
 Irradiate                Conj/Tmut      72%        3d35      0%          5
 Iskenderun's Battlesphe  Conj           100%       2d15      0%          5
 Lee's Rapid Deconstruct  Erth           86%        3d39*     0%          5
 Conjure Ball Lightning   Conj/Air       89%        3x3d33    0%          6
 Death Channel            Necr           73%        N/A       0%          6
 Simulacrum               Ice/Necr       86%        N/A       0%          6
 Starburst                Conj/Fire      100%       6d25      0%          6
 Orb of Destruction       Conj           78%        9d18      0%          7
 Blink                    Tloc           100%       N/A       1%          2
 Call Imp                 Summ           68%        N/A       1%          2
 Call Canine Familiar     Summ           68%        N/A       1%          3
 Confusing Touch          Hex            85%        N/A       1%          3
 Gell's Gravitas          Tloc           100%       N/A       1%          3
 Lesser Beckoning         Tloc           100%       N/A       1%          3
 Portal Projectile        Hex/Tloc       100%       N/A       1%          3
 Summon Guardian Golem    Hex/Summ       77%        N/A       1%          3
 Teleport Other           Tloc           100%       N/A       1%          3
 Tukima's Dance           Hex            85%        N/A       1%          3
 Anguish                  Hex/Necr       61%        N/A       1%          4
 Animate Armour           Summ/Erth      100%       N/A       1%          4
 Cause Fear               Hex            42%        N/A       1%          4
 Leda's Liquefaction      Hex/Erth       73%        N/A       1%          4
 Olgreb's Toxic Radiance  Pois           100%       N/A       1%          4
 Passage of Golubria      Tloc           100%       N/A       1%          4
 Summon Ice Beast         Ice/Summ       100%       N/A       1%          4
 Summon Lightning Spire   Summ/Air       100%       N/A       1%          4
 Alistair's Intoxication  Tmut/Pois      77%        N/A       1%          5
 Blade Hands              Tmut           63%        N/A       1%          5
 Manifold Assault         Tloc           100%       N/A       1%          5
 Metabolic Englaciation   Hex/Ice        73%        N/A       1%          5
 Silence                  Hex/Air        73%        N/A       1%          5
 Summon Forest            Summ/Tloc      45%        N/A       1%          5
 Yara's Violent Unravell  Hex/Tmut       54%        3d21      1%          5
 Dispersal                Tloc           53%        N/A       1%          6
 Eringya's Noxious Bog    Tmut/Pois      58%        N/A       1%          6
 Statue Form              Tmut/Erth      100%       N/A       1%          6
 Dragon Form              Tmut           63%        N/A       1%          7
 Spellforged Servitor     Conj/Summ      63%        N/A       1%          7
 Storm Form               Tmut/Air       81%        N/A       1%          7
 Borgnjor's Revivificati  Necr           73%        N/A       1%          8
 Ignition                 Fire           100%       3d25      1%          8
 Haunt                    Necr/Summ      59%        N/A       3%          7
 Summon Mana Viper        Hex/Summ       77%        N/A       4%          5
 Death's Door             Necr           73%        N/A       4%          9
 Summon Cactus Giant      Summ           34%        N/A       45%         6
 Malign Gateway           Summ/Tloc      45%        N/A       47%         7
 Enfeeble                 Hex            42%        N/A       63%         7
 Disjunction              Tloc           53%        N/A       63%         8
 Summon Hydra             Summ           34%        N/A       95%         7
 Discord                  Hex            42%        N/A       99%         8
 Dragon's Call            Summ           34%        N/A       100%        9


Dungeon Overview and Level Annotations

Branches:
Dungeon (15/15)            Temple (1/1) D:4            Lair (5/5) D:11
  Swamp (4/4) Lair:3       Spider (4/4) Lair:2        Slime (5/5) Lair:4
    Orc (2/2) D:11            Elf (3/3) Orc:2        Vaults (5/5) D:14
  Crypt (3/3) Vaults:3       Tomb (3/3) Crypt:3      Depths (4/4) D:15
   Hell (visited)             Dis (7/7) Hell            Geh (7/7) Hell
    Coc (7/7) Hell            Tar (7/7) Hell            Zot (5/5) Depths:4

Altars:
Ashenzari
Cheibriados
Dithmenos
Elyvilon
Fedhas
Gozag
Hepliaklqana
Kikubaaqudgha
Makhleb
Nemelex Xobeh
Okawaru
Ru
Sif Muna
Trog
Uskayaw
Vehumet
Wu Jian
Xom
Yredelemnul
Zin
The Shining One
Jiyva

Shops:
D:4 ?   Orc:1 *   Orc:2 (([(   Elf:2 ?[*   Vaults:4 *=(*   Depths:1 ?

Portals:
Hell: Depths:1 Depths:2 Depths:4
Abyss: Depths:2 Depths:3
Pandemonium: Depths:2

Annotations:
D:10 4 runed translucent doors
Temple 2 transporters
Lair:4 1 transporter
Lair:5 1 runed translucent door, Taxman66's ghost, journeyman FoMo
Swamp:2 1 runed translucent door, Gokhumny's ghost, adept GnFi
Orc:2 1 runed translucent door
Tar:6 10 runed doors
Zot:5 3 runed translucent doors, Heisao's ghost, legendary TrBe


Innate Abilities, Weirdness & Mutations

You passively map a large area around you.
You are easily found by Zot.
You glow in the dark.
You regain HP and MP as you explore.
You have large cloven feet.
Your system is resistant to poisons. (rPois)


Message History

The great blast of fire engulfs the Orb Guardian!!!!
You kill the Orb Guardian!
Vehumet accepts your kill.
You feel your power returning.
(D) Dungeon (T) Temple (L) Lair (S) Swamp (N) Spider Nest (M) Slime Pits (O) Orcish Mines (E) Elven Halls (V) Vaults (C) Crypt (W) Tomb (U) Depths (H) Hell (I) Dis (G) Gehenna (X) Cocytus (Y) Tartarus (Z) Zot
Where to? (Enter - D:1, ? - help)
Okay, then.
(D) Dungeon (T) Temple (L) Lair (S) Swamp (N) Spider Nest (M) Slime Pits (O) Orcish Mines (E) Elven Halls (V) Vaults (C) Crypt (W) Tomb (U) Depths (H) Hell (I) Dis (G) Gehenna (X) Cocytus (Y) Tartarus (Z) Zot
Where to? (Enter - D:1, ? - help)
There is a stone staircase leading up here.
You fly upwards.
There is a stone staircase leading down here.
Magic restored.
Things that are here:
a +0 leather armour; a +0 club
There is a stone staircase leading up, spattered with blood here.
You fly upwards.
There is a stone staircase leading down here.
There is a stone staircase leading up here.
You fly upwards.
There is a stone staircase leading down here.
There is a stone staircase leading up here.
You fly upwards.
There is a stone staircase leading down here.
Press: ? - help, v - describe, . - travel A stone staircase leading down.
This square is covered in magical glow.
You see here 2 stones.
Things that are here:
a +0 club; a goblin skeleton
There is a staircase leading out of the dungeon here.
You have escaped!

* ** *##...#*
##.# #.### *,
.# , *
*,#...# , *.#
* ###.##,*,
.# , ,#....#
*.# * * ,
#..#......#.#
*##
#..########g#
*
#...###.#...#
*
,#....@....#
#...#.###...#
** , *
#####..# ## ,
,#..#,* ** *
...#, * ,,
.### * . * *
,, * ## , , *
*


There were no monsters in sight!

Vanquished Creatures
  Cerebov (Pan)
  Antaeus (Coc:7)
  Asmodeus (Geh:7)
  the Royal Jelly (Slime:5)
  Ereshkigal (Tar:7)
  Gloorx Vloq (Pan)
  Lom Lobon (Pan)
  the Serpent of Hell (Dis:7)
  Mnoleg (Pan)
  Dispater (Dis:7)
  9 ancient liches
  16 dread liches
  12 orbs of fire
  26 juggernauts
  58 royal mummies
  29 shard shrikes
  48 caustic shrikes
  7 Killer Klowns
  Geryon (Hell)
  8 pandemonium lords
  Jory (Crypt:3)
  Arachne (Spider:4)
  Nikola (Swamp:4)
  16 profane servitors
  10 golden dragons
  21 bone dragons
  8 iron giants
  13 doom hounds
  A shard shrike zombie (Tomb:3)
  18 hellephants
  12 Brimstone Fiends
  16 Tzitzimimeh
  9 electric golems
  31 Ice Fiends
  A walking crystal tome (Zig:23)
  16 tainted leviathans
  31 Hell Sentinels
  26 Orb Guardians
  11 tentacled monstrosities
  18 titans
  18 liches
  6 quicksilver dragons
  A deep elf master archer (Elf:3)
  25 searing wretches
  4 deep elf blademasters
  A walking divine tome (Depths:4)
  26 acid blobs
  Gastronok (Lair:1)
  21 Executioners
  3 death cobs
  39 ancient champions
  9 tentacled starspawn
  11 sphinxes
  A thorn hunter (Swamp:4)
  6 tengu reavers
  Kirke (D:13)
  A storm dragon (shapeshifter) (Zig:12)
  5 shadow dragons
  13 storm dragons
  28 narguns
  3 draconian monks
  14 rockslimes
  14 revenants
  11 demonspawn warmongers
  A fenstrider witch (Swamp:2)
  32 fire giants
  13 nagarajas
  20 azure jellies
  3 iron dragons
  21 orc warlords
  8 emperor scorpions
  13 deep elf sorcerers
  19 frost giants
  15 curse skulls
  5 draconian scorchers
  16 shard shrike simulacra
  2 caustic shrike zombies
  A juggernaut zombie (Abyss:2)
  11 quicksilver elementals
  5 draconian knights
  17 cacodemons
  5 deep elf elementalists
  18 vault wardens
  2 spriggan defenders (Depths:2)
  16 ghost moths
  54 balrugs
  3 draconian shifters
  15 demonspawn blood saints
  11 draconian annihilators
  A draconian stormcaller (Zot:5)
  8 ghouls
  11 demonspawn corrupters
  24 reapers
  40 war gargoyles
  12 ironbound preservers
  2 juggernaut skeletons
  2 caustic shrike skeletons
  An eleionoma (shapeshifter) (D:14)
  18 quicksilver oozes
  26 vampire knights
  5 broodmothers
  An ophan (Zig:23)
  17 elemental wellsprings
  24 stone giants
  14 bennus
  9 demonspawn black suns
  43 very ugly things
  Nessos (Lair:5)
  3 ironbound thunderhulks
  16 deep elf annihilators
  2 white draconians
  9 green draconians
  16 putrid mouths
  9 black draconians
  6 purple draconians
  6 deep elf demonologists
  17 red draconians
  28 wendigos
  10 spark wasps
  3 yellow draconians
  5 dire elephants
  7 lorocyprocas
  3 spectral titans
  An eleionoma (Swamp:2)
  3 bunyips
  16 entropy weavers
  A spark wasp (shapeshifter) (Vaults:5)
  Snorg (D:13)
  12 ettins
  15 iron golems
  16 green deaths
  19 blizzard demons
  13 eidola
  17 fire dragons
  A crystal guardian (Zig:9)
  26 jiangshi
  A spectral quicksilver dragon (Tar:1)
  2 quicksilver dragon zombies
  2 shambling mangroves (Swamp:4)
  51 mummy priests
  13 yaktaur captains
  18 deep elf death magi
  22 great orbs of eyes
  5 spriggan zombies
  A quicksilver dragon skeleton (Pan)
  7 hell beasts
  37 hydras
  A rakshasa (Depths:1)
  11 deep elf high priests
  11 spriggan air magi
  A peacekeeper (Vaults:4)
  2 ice dragons
  5 boulder beetles
  12 caustic shrike simulacra
  A fenstrider witch zombie (Tomb:2)
  17 salamander tyrants
  4 ogre magi
  2 ghost crabs
  6 ironbound frosthearts
  A stoker (Geh:7)
  7 jorogumos
  31 vault guards
  2 radroaches (Spider:4)
  5 death knights
  8 centaur warriors
  2 catoblepae (Zig:11)
  7 juggernaut simulacra
  2 naga warriors (Zig:13)
  A spectral stone giant (Tar:2)
  2 spriggan skeletons
  An anaconda (Zig:13)
  8 dancing weapons
  7 two-headed ogres
  5 death yaks
  9 deep troll shamans
  43 hell hogs
  11 alligators
  2 tengu warriors
  76 death scarabs
  9 deep troll earth magi
  25 vampire magi
  34 orc high priests
  21 hell knights
  3 naga sharpshooters (Zig:13)
  3 titan zombies
  A shock serpent (shapeshifter) (Zig:12)
  6 spriggan berserkers
  Urug (D:10)
  5 shock serpents
  8 thrashing horrors (Zig:23)
  4 deep elf knights
  13 wretched stars
  4 crystal echidnas
  A storm dragon zombie (Hell)
  30 soul eaters
  24 sixfirhies
  35 sun demons
  32 shadow wraiths
  3 golden dragon zombies
  33 skeletal warriors
  4 salamander mystics
  7 goliath frogs
  Amaemon (Lair:3)
  5 shadow demons
  4 pharaoh ants
  A spectral anaconda (Tar:2)
  9 fire crabs (Zig:25)
  A sea snake (shapeshifter) (Zig:12)
  3 spatial maelstroms (Zig:23)
  12 flayed ghosts
  22 iron trolls
  A bunyip zombie (Swamp:2)
  2 sun moths
  36 deep trolls
  14 steelbarb worms
  2 swamp dragons (shapeshifter)
  8 quicksilver dragon simulacra
  2 steelbarb worms (shapeshifter)
  9 orb spiders
  8 swamp dragons (Swamp:4)
  7 bog bodies
  A spark wasp zombie (Hell)
  2 golden dragon skeletons
  4 glowing orange brains
  6 spriggan druids
  14 deep elf archers
  22 ironbound convokers
  2 orange crystal statues (Abyss:3)
  3 sphinx zombies
  2 shadow dragon zombies (Zig:19)
  An obsidian statue (Zig:25)
  An anaconda skeleton (Hell)
  16 wizards
  An orb spider (shapeshifter) (Zig:5)
  A naga ritualist (Zig:13)
  13 phantasmal warriors
  2 bunyip skeletons
  14 deep elf zephyrmancers
  9 necromancers
  2 mana vipers (Zig:13)
  2 tengu skeletons
  3 tengu zombies
  11 orc knights
  17 orc sorcerers
  24 deep elf pyromancers
  31 ugly things
  19 wolf spiders
  2 salamanders (Zig:13)
  6 cyclopes
  A fire giant zombie (Hell)
  A manticore (shapeshifter) (Zig:12)
  2 will-o-the-wisps
  5 manticores
  9 shining eyes
  An elephant (shapeshifter) (Zig:4)
  2 stone giant skeletons (Crypt:1)
  7 titan simulacra
  7 rust devils
  An iron dragon skeleton (Zig:17)
  12 elephants
  2 spectral alligator snapping turtles
  4 guardian serpents
  26 moths of wrath
  A spectral centaur (Tar:2)
  A human skeleton (Pan)
  5 apocalypse crabs
  9 molten gargoyles
  Joseph (D:8)
  13 torpor snails
  13 orange demons
  22 smoke demons
  16 black mambas
  4 ice statues
  6 naga magi (Zig:18)
  15 vault sentinels
  8 gargoyles
  2 dire elephant skeletons
  5 eyes of devastation
  18 cane toads
  39 hellions
  An unseen horror (D:10)
  2 centaur skeletons
  35 yaktaurs
  Maggie (Lair:1)
  A spectral glowing shapeshifter (Zig:9)
  19 demonic crawlers
  10 komodo dragons
  Psyche (D:11)
  13 efreet
  5 tengu conjurers
  31 tormentors
  7 ice devils
  3 rime drakes
  10 freezing wraiths
  10 hellwings
  5 anaconda simulacra
  105 guardian mummies
  2 silent spectres
  A golden dragon simulacrum (Coc:6)
  4 ancient zymes
  A spectral naga (Tar:2)
  9 meliai
  10 red devils
  A troll (shapeshifter) (Elf:2)
  A shadow dragon simulacrum (Zig:13)
  10 tyrant leeches
  A polar bear (shapeshifter) (Zig:3)
  A hydra skeleton (Crypt:3)
  A queen bee (shapeshifter) (D:14)
  20 trolls
  A bloated husk (Swamp:2)
  3 harpy skeletons
  9 hornets
  2 polar bears (Zig:11)
  30 tarantellas
  A slime creature (shapeshifter) (Zig:2)
  29 blink frogs
  11 raiju
  9 dream sheep (Lair:3)
  A raiju (shapeshifter) (Zig:12)
  3 iron dragon simulacra
  A sphinx simulacrum (Zig:17)
  75 flying skulls
  18 jumping spiders
  104 slime creatures
  A spriggan (shapeshifter) (D:14)
  A vampire (D:14)
  A water elemental (Zig:1)
  9 spriggans
  4 shadows
  10 air elementals
  43 starcursed masses
  3 centaur simulacra
  19 ynoxinuls
  37 yaks
  9 basilisks
  A culicivora (shapeshifter) (Zig:12)
  A dire elephant simulacrum (Coc:5)
  2 hogs (D:13)
  4 wyverns
  3 naga simulacra
  10 wraiths
  31 large abominations
  29 fire elementals
  An alligator snapping turtle simulacrum (Coc:3)
  14 culicivoras
  A basilisk (shapeshifter) (D:14)
  20 golden eyes
  An ettin skeleton (Abyss:2)
  27 neqoxecs
  46 ushabtiu
  Grum (D:11)
  A steam dragon (D:7)
  38 redbacks
  A redback (shapeshifter) (Zig:4)
  16 chaos spawn
  5 vampire mosquitoes (Lair:5)
  12 wargs
  12 harpy simulacra
  A warg (shapeshifter) (Vaults:5)
  5 acid dragons
  3 glowing shapeshifter zombies
  7 swamp worms
  20 water moccasins
  2 nagas (Zig:13)
  4 hydra simulacra
  A floating eye (Pan)
  10 swamp drakes
  17 hell hounds
  74 orc warriors
  5 sky beasts
  An ice beast (D:7)
  4 ettin simulacra
  3 black bears
  3 fire dragon simulacra
  7 boggarts
  17 wolves
  26 ogres
  5 spriggan simulacra
  2 swamp dragon skeletons (Swamp:2)
  A blink frog skeleton (Crypt:1)
  2 centaurs (D:7)
  A phantom (D:6)
  2 kobold brigands
  16 bullfrogs
  7 necrophages
  6 small abominations
  2 gnoll sergeants
  2 scorpions
  A warg zombie (Crypt:1)
  9 wights
  4 killer bees (D:7)
  5 howler monkeys
  An electric eel (Lair:5)
  A quasit (Abyss:2)
  2 jellies
  A basilisk zombie (Crypt:1)
  3 hounds
  14 orc priests
  A gnoll bouda (D:9)
  6 iguanas
  Ijyb (D:4)
  Terence (D:2)
  25 orc wizards
  A boggart skeleton (Crypt:1)
  10 hell rats
  103 mummies
  15 gnolls
  5 adders
  A shadow imp (Abyss:2)
  A white imp (Abyss:2)
  An ufetubus (D:6)
  3 worms
  A dart slug (D:2)
  85 orcs
  8 ball pythons
  2 bat zombies (D:8)
  8 endoplasms
  A giant cockroach (D:2)
  7 hobgoblins
  13 kobolds
  2 quokkas
  7 bats
  6 frilled lizards
  11 goblins
  4 rats
  A river rat skeleton (Crypt:1)
  6 ball lightnings
  6 creeping infernos
  220 fire vortices
  5 starspawn tentacles
4913 creatures vanquished.

Vanquished Creatures (collateral kills)
  A pandemonium lord (Pan)
  A juggernaut (Depths:4)
  A royal mummy (Tomb:1)
  A Killer Klown (Zot:5)
  A hellephant (Geh:7)
  A tentacled monstrosity (Zig:12)
  A tainted leviathan (Tar:7)
  An ancient champion (Zig:20)
  2 titans
  An acid blob (Slime:2)
  A shadow dragon (Vaults:5)
  2 cacodemons (Pan)
  Aizul (Spider:4)
  An orc warlord (Zig:21)
  A ghoul (Zig:20)
  An ironbound preserver (Vaults:2)
  A very ugly thing (Depths:2)
  A red draconian (Zot:5)
  A green death (Zig:22)
  An iron troll (Zig:26)
  A sun moth (Spider:4)
  A necromancer (Vaults:5)
  An orc sorcerer (Zig:20)
  A shining eye (Slime:3)
  A hellion (Zig:24)
  3 guardian mummies
  A raiju (Zig:18)
  7 slime creatures
  A blink frog (Zig:11)
  A culicivora (Zig:16)
  A flying skull (Crypt:3)
  An air elemental (Zig:18)
  A ynoxinul (Zig:14)
  2 chaos spawn (Pan)
  2 golden eyes
  A harpy simulacrum (Coc:6)
  A water moccasin (Zig:11)
  A small abomination (Depths:1)
  7 starcursed masses (Zig:23)
  20 mummies
  An orc (Vaults:5)
78 creatures vanquished.

Vanquished Creatures (others)
  A Brimstone Fiend (Zig:22)
  Asterion (Elf:1)
  A quicksilver dragon (Zot:5)
  A balrug (Geh:7)
  A demonspawn blood saint (Zig:22)
  A red draconian (Zot:5)
  A bunyip (Swamp:4)
  A hell beast (Zig:22)
  2 hell hogs (Geh:2)
  2 wizards (Pan)
  A manticore (D:15)
  A large abomination (Pan)
  A smoke demon (Pan)
  A titan simulacrum (Coc:2)
  A hellwing (Pan)
  A hornet (Swamp:4)
  A fire elemental (Zot:1)
  A dire elephant simulacrum (Coc:6)
  A golden eye (Pan)
  An orc wizard (Orc:2)
  A block of ice (Pan)
  1620 fire vortices
  38 fulminant prisms
  22 fungi
  94 plants
  3 starspawn tentacles
  5 withered plants (Swamp:2)
1805 creatures vanquished.

Grand Total: 6796 creatures vanquished

Notes
Turn   | Place    | Note
-------+----------+-------------------------------------------
     0 | D:1      | PurpleRed the Meteoran Air Elementalist began the quest for
                  | the Orb.
     0 | D:1      | Reached XP level 1. HP: 14/14 MP: 5/5
   158 | D:1      | Reached XP level 2. HP: 20/20 MP: 3/6
   219 | D:1      | Learned a level 2 spell: Static Discharge
   261 | D:1      | Found a faded altar of an unknown god.
   283 | D:1      | Reached XP level 3. HP: 24/26 MP: 6/8
   287 | D:1      | Learned a level 3 spell: Swiftness
   335 | D:2      | Noticed Terence
   363 | D:2      | Killed Terence
   364 | D:2      | Reached XP level 4. HP: 17/33 MP: 0/10
   467 | D:2      | Reached XP level 5. HP: 21/38 MP: 5/11
   709 | D:2      | Reached skill level 5 in Air Magic
   914 | D:2      | Learned a level 4 spell: Airstrike
   931 | D:3      | Reached XP level 6. HP: 45/45 MP: 11/13
  1162 | D:3      | Found a shadowy altar of Dithmenos.
  1376 | D:4      | Found a staircase to the Ecumenical Temple.
  1395 | Temple   | Entered the Ecumenical Temple
  1395 | Temple   | Found a transporter.
  1395 | Temple   | Found a transporter.
  1397 | Temple   | Found a transporter.
  1397 | Temple   | Found a transporter.
  1407 | Temple   | Became a worshipper of Vehumet
  1495 | D:4      | Reached skill level 5 in Spellcasting
  1495 | D:4      | Reached XP level 7. HP: 29/50 MP: 4/15
  1505 | D:4      | Found Ywiddic's Magic Scroll Shoppe.
  1517 | D:4      | Bought a scroll of blinking for 90 gold pieces
  1517 | D:4      | Bought a scroll of teleportation for 36 gold pieces
  1546 | D:4      | Identified a scroll of acquirement
  1571 | D:4      | Noticed Ijyb
  1600 | D:4      | Acquired a book of Lightning
  1611 | D:4      | Learned a level 5 spell: Lightning Bolt
  1613 | D:5      | Entered Level 5 of the Dungeon
  1711 | D:6      | Reached skill level 5 in Conjurations
  1811 | D:4      | Killed Ijyb
  1812 | D:4      | Reached XP level 8. HP: 42/57 MP: 12/17
  1850 | D:4      | Bought a scroll of identify for 24 gold pieces
  1850 | D:4      | Bought a scroll of identify for 24 gold pieces
  1927 | D:6      | Reached * piety under Vehumet
  1927 | D:6      | Offered knowledge of Freeze by Vehumet.
  2083 | D:6      | Found a basalt altar of Yredelemnul.
  2169 | D:6      | Found an iron altar of Okawaru.
  2187 | D:6      | Found a glowing golden altar of the Shining One.
  2204 | D:7      | Gained mutation: You passively map the area around you.
                  | [Meteoran growth]
  2204 | D:7      | Reached XP level 9. HP: 43/62 MP: 10/20
  2241 | D:7      | You fall into a shaft and drop 2 floors!
  2265 | D:8      | Found a shimmering blue altar of Sif Muna.
  2266 | D:8      | Upgraded the game from 0.30-a0-6-g7c9e10e to
                  | 0.30-a0-12-gd8047c6
  2302 | D:8      | Found an ancient bone altar of Kikubaaqudgha.
  2404 | D:7      | Found a blossoming altar of Fedhas.
  2406 | D:7      | Found a snail-covered altar of Cheibriados.
  2408 | D:7      | Found a hazy altar of Hepliaklqana.
  2410 | D:7      | Found an opulent altar of Gozag.
  2412 | D:7      | Found a hide-covered altar of Uskayaw.
  2691 | D:7      | Offered knowledge of Scorch by Vehumet.
  2738 | D:7      | Reached ** piety under Vehumet
  2739 | D:7      | Reached XP level 10. HP: 69/69 MP: 16/24
  2746 | D:7      | Noticed a cyan ugly thing
  2757 | D:7      | Noticed a manticore
  2765 | D:7      | Reached skill level 10 in Spellcasting
  2783 | D:7      | Reached skill level 10 in Conjurations
  2882 | D:8      | Noticed Joseph
  2897 | D:8      | Killed Joseph
  2949 | D:8      | Found a burning altar of Makhleb.
  3067 | D:8      | Found a sparkling altar of Nemelex Xobeh.
  3256 | D:7      | Noticed a gargoyle
  3272 | D:7      | Noticed a cyclops
  3277 | D:7      | Killed a gargoyle
  3278 | D:7      | Reached XP level 11. HP: 42/74 MP: 6/27
  3370 | D:7      | Offered knowledge of Ignite Poison by Vehumet.
  3374 | D:7      | Killed a manticore
  3430 | D:8      | HP: 2/74 [cyan ugly thing (12)]
  3435 | D:8      | Killed a red ugly thing
  3620 | D:7      | Killed a cyclops
  3811 | D:8      | Reached *** piety under Vehumet
  3866 | D:9      | Found a broken altar of Ashenzari.
  3956 | D:9      | Noticed a purple ugly thing
  3959 | D:9      | Killed a purple ugly thing
  3970 | D:10     | Entered Level 10 of the Dungeon
  3991 | D:10     | Learned a level 4 spell: Olgreb's Toxic Radiance
  4013 | D:10     | Reached skill level 1 in Poison Magic
  4014 | D:10     | Offered knowledge of Fulminant Prism by Vehumet.
  4016 | D:10     | Reached skill level 1 in Fighting
  4022 | D:10     | Learned a level 4 spell: Fulminant Prism
  4065 | D:10     | Reached skill level 1 in Hexes
  4185 | D:10     | Found a bloodstained altar of Trog.
  4255 | D:10     | Noticed Urug
  4259 | D:10     | Killed Urug
  4260 | D:10     | Reached XP level 12. HP: 53/85 MP: 21/30
  4260 | D:10     | Found a large runed translucent door.
  4260 | D:10     | Found a large runed translucent door.
  4261 | D:10     | Noticed a centaur warrior
  4261 | D:10     | Noticed a seven-headed hydra
  4267 | D:10     | Found a large runed translucent door.
  4267 | D:10     | Found a large runed translucent door.
  4578 | D:11     | Noticed Psyche
  4582 | D:11     | Killed Psyche
  4598 | D:11     | Noticed a two-headed ogre
  4600 | D:11     | Reached **** piety under Vehumet
  4604 | D:11     | Killed a two-headed ogre
  4605 | D:11     | Reached skill level 5 in Poison Magic
  4607 | D:11     | Offered knowledge of Dazzling Flash by Vehumet.
  4608 | D:11     | Noticed Grum
  4632 | D:11     | Found a staircase to the Orcish Mines.
  4639 | D:11     | Found a shadowy altar of Dithmenos.
  4670 | D:11     | Killed Grum
  4671 | D:11     | Noticed a four-headed hydra
  4681 | D:11     | Killed a four-headed hydra
  4682 | D:11     | Reached skill level 5 in Dodging
  4851 | D:11     | Found a staircase to the Lair.
  4865 | Lair:1   | Entered Level 1 of the Lair of Beasts
  4909 | Lair:1   | Reached skill level 5 in Fighting
  4965 | Lair:1   | Noticed an eight-headed hydra
  4967 | Lair:1   | Reached skill level 1 in Fire Magic
  4979 | Lair:1   | Killed an eight-headed hydra
  4983 | Lair:1   | Noticed a six-headed hydra
  4993 | Lair:1   | Killed a six-headed hydra
  5085 | Lair:1   | Noticed Gastronok
  5098 | Lair:1   | Reached XP level 13. HP: 79/100 MP: 25/32
  5099 | Lair:1   | Noticed Maggie
  5106 | Lair:1   | Killed Maggie
  5160 | Lair:1   | Killed Gastronok
  5267 | Lair:1   | Reached ***** piety under Vehumet
  5274 | Lair:1   | Offered knowledge of Fireball by Vehumet.
  5286 | Lair:1   | Learned a level 5 spell: Fireball
  5387 | Lair:2   | Reached skill level 5 in Fire Magic
  5427 | Lair:3   | Noticed Amaemon
  5612 | Lair:4   | Reached skill level 15 in Spellcasting
  5619 | Lair:4   | Found a viscous altar of Jiyva.
  5620 | Lair:4   | Found a staircase to the Slime Pits.
  5650 | Lair:4   | Reached skill level 10 in Air Magic
  5747 | Lair:5   | Entered Level 5 of the Lair of Beasts
  5784 | Lair:3   | Noticed a five-headed hydra
  5794 | Lair:3   | Killed a five-headed hydra
  5809 | Lair:3   | Noticed a five-headed hydra
  5820 | Lair:3   | Killed a five-headed hydra
  5821 | Lair:3   | Reached XP level 14. HP: 104/107 MP: 3/34
  5934 | Lair:3   | Killed Amaemon
  5959 | Lair:4   | Found a transporter.
  5969 | Lair:4   | Noticed a cacodemon
  5987 | Lair:5   | Reached skill level 15 in Conjurations
  6199 | Lair:5   | Offered knowledge of Yara's Violent Unravelling by Vehumet.
  6292 | Lair:5   | Found a runed translucent door.
  6292 | Lair:5   | Found a shimmering altar of Xom.
  6292 | Lair:5   | Noticed Taxman66's ghost (journeyman FoMo)
  6293 | Lair:5   | Identified the +7 scimitar of Causality {chaos, rC+ Will+
                  | Dex-3}
  6345 | Lair:5   | Noticed Nessos
  6352 | Lair:5   | Killed Nessos
  6354 | Lair:5   | Got the Discourse on Discontinuous Firn
  6477 | Lair:3   | Reached skill level 1 in Shields
  6510 | Lair:3   | Reached skill level 10 in Fire Magic
  6512 | Lair:3   | Reached XP level 15. HP: 111/113 MP: 20/36
  6598 | Lair:3   | Found a staircase to the Swamp.
  6887 | Lair:2   | Found a hole to the Spider Nest.
  7078 | Orc:1    | Entered Level 1 of the Orcish Mines
  7085 | Orc:1    | Learned a level 5 spell: Freezing Cloud
  7118 | Orc:1    | Found Kompoen's Assorted Antiques.
  7136 | Orc:1    | Noticed an orc warlord
  7154 | Orc:1    | Killed an orc warlord
  7319 | Orc:2    | Entered Level 2 of the Orcish Mines
  7323 | Orc:2    | Reached ****** piety under Vehumet
  7323 | Orc:2    | Offered knowledge of Spellforged Servitor by Vehumet.
  7432 | Orc:2    | Found Weumyt's Antique Weapon Shop.
  7641 | Orc:2    | Found Leqel's Weapon Emporium.
  7745 | Orc:2    | Offered knowledge of Ozocubu's Refrigeration by Vehumet.
  7751 | Orc:2    | Reached skill level 5 in Shields
  7822 | Orc:2    | Found a staircase to the Elven Halls.
  7833 | Orc:2    | Noticed an orc warlord
  7841 | Orc:2    | Killed an orc warlord
  7873 | Orc:2    | Found Ucwaffa's Antique Armour Shop.
  7876 | Orc:2    | Found Cosuy's Antique Weapon Boutique.
  7884 | Orc:2    | Bought a pair of embroidered gloves for 225 gold pieces
  8048 | Orc:2    | Found a runed translucent gate.
  8225 | D:12     | Learned a level 7 spell: Ozocubu's Refrigeration
  8276 | D:12     | Reached skill level 1 in Ice Magic
  8312 | D:12     | Reached XP level 16. HP: 124/124 MP: 23/38
  8371 | D:13     | Noticed Snorg
  8375 | D:13     | Killed Snorg
  8472 | D:14     | Offered knowledge of Conjure Ball Lightning by Vehumet.
  8514 | D:14     | Reached skill level 5 in Ice Magic
  8686 | D:15     | Entered Level 15 of the Dungeon
  8686 | D:15     | Found a staircase to the Depths.
  8851 | D:13     | Noticed Kirke
  8854 | D:13     | Killed Kirke
  9166 | D:14     | Noticed a fenstrider witch
  9168 | D:14     | a fenstrider witch changed into an iron troll
  9268 | D:14     | Found a gate to the Vaults.
  9580 | Orc:2    | Glimpsed the power of Zot.
  9609 | Orc:2    | Acquired 416 gold pieces
  9611 | Orc:2    | Bought the +10 shortbow of the Cup {vorpal, rPois rF+ Will+
                  | rCorr} for 1090 gold pieces
  9630 | Orc:2    | Glimpsed the power of Zot.
  9655 | Elf:1    | Entered Level 1 of the Elven Halls
  9695 | Elf:1    | Reached skill level 10 in Ice Magic
  9785 | Elf:3    | Entered Level 3 of the Elven Halls
  9809 | Elf:3    | Noticed a deep elf sorcerer
  9811 | Elf:3    | Killed a deep elf sorcerer
  9811 | Elf:3    | Offered knowledge of Starburst by Vehumet.
  9812 | Elf:3    | Reached XP level 17. HP: 66/132 MP: 24/40
  9815 | Elf:3    | Noticed a deep elf blademaster
  9834 | Elf:3    | Killed a deep elf blademaster
 10017 | Elf:3    | Paralysed by an air elemental for 1 turns
 10223 | Elf:3    | Noticed a deep elf master archer
 10231 | Elf:3    | Killed a deep elf master archer
 10234 | Elf:3    | Identified the ring "Cisuasue" {+Blink rN++ Int+5 Dex+6}
 10234 | Elf:3    | Noticed a deep elf blademaster
 10308 | Elf:2    | Paralysed by an air elemental for 1 turns
 10379 | Elf:3    | Noticed a deep elf blademaster
 10382 | Elf:3    | Killed a deep elf blademaster
 10466 | Elf:3    | Killed a deep elf blademaster
 10542 | Elf:3    | Identified the +8 halberd "Erchei" {flame, rElec rPois}
 10597 | Elf:3    | Identified the +8 long sword "Earthworm" {vorpal, rC+ Int-5
                  | SInv}
 10603 | Elf:3    | Reached skill level 1 in Evocations
 10725 | Elf:1    | Gained mutation: You passively map a large area around you.
                  | [Meteoran growth]
 10725 | Elf:1    | Reached XP level 18. HP: 139/139 MP: 24/42
 10751 | Elf:1    | Noticed Asterion
 10786 | Elf:3    | Identified the +0 eveningstar of Cataclysm {vorpal,
                  | *Corrode rElec SInv Stlth+}
 10807 | Elf:3    | Identified the +1 lajatang of Patterns {freeze, rF+ Str+5}
 10887 | Elf:3    | Learned a level 2 spell: Sublimation of Blood
 10899 | Elf:3    | Learned a level 6 spell: Starburst
 10919 | Elf:3    | Identified the +0 falchion of Gigenege {drain, Str+4 Dex+4}
 10925 | Elf:3    | Got the Grimoire of Meteoric Metal
 10944 | Elf:3    | Identified the +1 scale mail of Histrionic Leaves {MP+9
                  | Int+5}
 10961 | Elf:3    | Got the Lessons on Airy Transmogrification
 10963 | Elf:3    | Identified the -1 helmet of Hitopn {Harm Rampage rC- Str+5}
 11024 | Elf:1    | Killed Asterion
 11025 | Elf:1    | Reached skill level 1 in Necromancy
 11148 | Elf:2    | Found Sene's Armour Emporium.
 11177 | Elf:2    | Found Zoduof's Antique Weapon Shoppe.
 11177 | Elf:2    | Found Elargh's Magic Scroll Emporium.
 11181 | Elf:2    | Found Utterheo's Assorted Antiques.
 11211 | Elf:2    | Bought a scroll of magic mapping for 120 gold pieces
 11211 | Elf:2    | Bought a scroll of teleportation for 48 gold pieces
 11211 | Elf:2    | Bought a scroll of teleportation for 48 gold pieces
 11211 | Elf:2    | Bought a scroll of teleportation for 48 gold pieces
 11211 | Elf:2    | Bought a scroll of teleportation for 48 gold pieces
 11305 | Orc:2    | Glimpsed the power of Zot.
 11314 | Orc:1    | Touched by the power of Zot.
 11446 | Swamp:1  | Entered Level 1 of the Swamp
 11596 | Swamp:2  | Offered knowledge of Iron Shot by Vehumet.
 11597 | Swamp:2  | Reached skill level 5 in Evocations
 11635 | Swamp:2  | Reached skill level 5 in Necromancy
 11674 | Swamp:4  | Entered Level 4 of the Swamp
 11764 | Swamp:4  | Identified the +2 robe of Wu Jian's Wrath {Str+2 Int+2
                  | Stlth- Archmagi}
 11800 | Swamp:4  | Reached XP level 19. HP: 134/145 MP: 39/44
 11987 | Swamp:4  | Got a decaying rune of Zot
 12004 | Swamp:4  | Learned a level 6 spell: Iron Shot
 12127 | Swamp:3  | Learned a level 1 spell: Apportation
 12139 | Swamp:2  | Found a runed translucent door.
 12155 | Swamp:2  | Identified the +11 spear of Paottedd {freeze, rElec rPois
                  | rN+ Dex+6 Stlth+}
 12155 | Swamp:2  | Noticed Gokhumny's ghost (adept GnFi)
 12216 | Swamp:4  | Noticed Nikola
 12221 | Swamp:4  | Killed Nikola
 12356 | Spider:1 | Entered Level 1 of the Spider Nest
 12369 | Spider:2 | Identified the +1 robe of the Lobster {Rampage}
 12428 | Spider:2 | Reached skill level 15 in Fire Magic
 12533 | Spider:3 | Offered knowledge of Lehudib's Crystal Spear by Vehumet.
 12533 | Spider:3 | Offered knowledge of Fire Storm by Vehumet.
 12533 | Spider:3 | Offered knowledge of Ignition by Vehumet.
 12546 | Spider:3 | Learned a level 9 spell: Fire Storm
 12582 | Spider:3 | Reached XP level 20. HP: 152/152 MP: 41/46
 12666 | Spider:4 | Entered Level 4 of the Spider Nest
 13062 | Spider:4 | Noticed Aizul
 13066 | Spider:4 | Killed Aizul
 13250 | Spider:4 | Noticed Arachne
 13256 | Spider:4 | Killed Arachne
 13396 | Spider:4 | Got a gossamer rune of Zot
 13461 | Spider:4 | Reached XP level 21. HP: 163/163 MP: 45/47
 13695 | Slime:1  | Entered Level 1 of the Pits of Slime
 13716 | Slime:1  | Reached skill level 10 in Fighting
 13966 | Slime:5  | Entered Level 5 of the Pits of Slime
 14045 | Slime:5  | Reached XP level 22. HP: 153/184 MP: 40/48
 14069 | Slime:5  | Noticed the Royal Jelly
 14073 | Slime:5  | Killed the Royal Jelly
 14124 | Slime:5  | Found the +0 staff of Battle
 14147 | Slime:5  | Got a slimy rune of Zot
 14199 | Slime:5  | Identified the +2 leather armour of Death's Door {rPois
                  | rC+++ Will+}
 14202 | Slime:5  | Identified the +6 quarterstaff of Ichelomi {elec, Stlth+}
 14215 | Slime:5  | Identified the +1 pair of gloves of Ashyesuw {Harm Int+4}
 14261 | Slime:5  | Identified the +8 giant club of Growth {protect, rN+}
 14263 | Slime:5  | Identified the +5 chain mail "Faarheje" {*Slow +Inv rF+
                  | rCorr}
 14588 | Vaults:1 | Entered Level 1 of the Vaults
 15151 | Vaults:3 | Reached XP level 23. HP: 196/196 MP: 50/50
 15234 | Vaults:3 | Reached skill level 15 in Fighting
 15237 | Vaults:3 | Found a staircase to the Crypt.
 15416 | Vaults:4 | Found Vodedao's Jewellery Shoppe.
 15542 | Vaults:4 | Found Herecan's Weapon Emporium.
 15570 | Vaults:4 | Found Sicemid's Assorted Antiques.
 15580 | Vaults:4 | Bought a potion of magic for 328 gold pieces
 15679 | Vaults:4 | Found Xureaph's General Store.
 15685 | Vaults:4 | Bought a scroll of amnesia for 84 gold pieces
 15701 | Vaults:5 | Entered Level 5 of the Vaults
 15748 | Vaults:5 | Reached XP level 24. HP: 188/206 MP: 48/51
 15758 | Vaults:5 | Identified the +9 battleaxe of Context {protect, *Slow
                  | Str+5}
 16005 | Vaults:5 | Identified the +1 shortbow "Anynadorch" {flame, rC+ Str+6}
 16154 | Vaults:5 | Found the +3 Elemental Staff {rElec rF++ rC++ AC+5}
 16242 | Vaults:5 | Got a silver rune of Zot
 16771 | D:15     | Reached XP level 25. HP: 213/213 MP: 52/54
 16822 | D:15     | Learned a level 8 spell: Necromutation
 16823 | Depths:1 | Entered Level 1 of the Depths
 16844 | Depths:1 | Reached skill level 1 in Transmutations
 16903 | Depths:1 | Identified the +0 pair of gloves "Aneahe" {Int+5}
 16931 | Depths:1 | Found Lijesy's Magic Scroll Shoppe.
 16934 | Depths:1 | Bought a scroll of amnesia for 64 gold pieces
 16934 | Depths:1 | Bought a scroll of magic mapping for 120 gold pieces
 16958 | Depths:1 | Found a gateway to Hell.
 17158 | Depths:2 | Reached skill level 27 in Spellcasting
 17166 | Depths:2 | Noticed a golden dragon
 17168 | Depths:2 | Noticed a caustic shrike
 17168 | Depths:2 | Noticed a juggernaut
 17169 | Depths:2 | Noticed a juggernaut
 17170 | Depths:2 | Killed a golden dragon
 17170 | Depths:2 | Noticed a caustic shrike
 17171 | Depths:2 | Killed a juggernaut
 17171 | Depths:2 | Killed a caustic shrike
 17172 | Depths:2 | Reached skill level 5 in Transmutations
 17172 | Depths:2 | Killed a juggernaut
 17172 | Depths:2 | Killed a caustic shrike
 17180 | Depths:2 | Noticed a caustic shrike
 17183 | Depths:2 | Killed a caustic shrike
 17243 | Depths:2 | Found a one-way gate to the infinite horrors of the Abyss.
 17258 | Depths:2 | Identified the +0 scale mail "Gecuah" {rF++}
 17270 | Depths:2 | Found a one-way gate leading to the halls of Pandemonium.
 17277 | Depths:2 | Reached skill level 10 in Necromancy
 17320 | Depths:2 | Noticed a golden dragon
 17323 | Depths:2 | Killed a golden dragon
 17333 | Depths:2 | Noticed a golden dragon
 17334 | Depths:2 | Noticed a golden dragon
 17336 | Depths:2 | Killed a golden dragon
 17336 | Depths:2 | Killed a golden dragon
 17355 | Depths:2 | Noticed a caustic shrike
 17357 | Depths:2 | Killed a caustic shrike
 17359 | Depths:2 | Noticed a juggernaut
 17362 | Depths:2 | Killed a juggernaut
 17374 | Depths:2 | Reached XP level 26. HP: 221/221 MP: 42/55
 17395 | Depths:2 | Reached skill level 10 in Transmutations
 17408 | Depths:2 | Noticed a caustic shrike
 17410 | Depths:2 | Killed a caustic shrike
 17411 | Depths:2 | Noticed a caustic shrike
 17412 | Depths:2 | Killed a caustic shrike
 17413 | Depths:2 | Killed a caustic shrike
 17419 | Depths:2 | You fall into a shaft and drop 2 floors!
 17419 | Depths:4 | Entered Level 4 of the Depths
 17483 | Depths:4 | Noticed a juggernaut
 17486 | Depths:4 | Killed a juggernaut
 17562 | Depths:4 | Found a flickering gateway to a bazaar.
 17586 | Bazaar   | Entered a bazaar
 17586 | Bazaar   | Found Kauroh's Antique Weapon Shoppe.
 17586 | Bazaar   | Found Iggyblaf's Jewellery Shoppe.
 17606 | Bazaar   | Found Uximeg's Antique Armour Boutique.
 17623 | Bazaar   | Found Paxt's General Store.
 17632 | Bazaar   | Bought a +6 ring of intelligence for 288 gold pieces
 17632 | Bazaar   | Bought a scroll of amnesia for 32 gold pieces
 17632 | Bazaar   | Bought a scroll of fog for 32 gold pieces
 17637 | Bazaar   | Found Qotz's Distillery.
 17645 | Bazaar   | Bought a potion of curing for 27 gold pieces
 17645 | Bazaar   | Bought a potion of curing for 27 gold pieces
 17645 | Bazaar   | Bought a potion of flight for 27 gold pieces
 17645 | Bazaar   | Bought a potion of flight for 27 gold pieces
 17647 | Bazaar   | Bought a potion of mutation for 72 gold pieces
 17647 | Bazaar   | Bought a potion of mutation for 72 gold pieces
 17664 | Bazaar   | Bought a jewelled leather armour for 231 gold pieces
 17664 | Bazaar   | Identified the +1 leather armour of Rationality {Harm
                  | Str+8} (You bought it in a shop in a bazaar)
 17694 | Depths:4 | Found a one-way gateway to a ziggurat.
 17734 | Zig:1    | Entered Level 1 of a ziggurat
 17749 | Zig:2    | Entered Level 2 of a ziggurat
 17761 | Zig:2    | Identified the ring of the Cursing Fool {MP+9 SInv}
 17770 | Zig:3    | Entered Level 3 of a ziggurat
 17789 | Zig:4    | Entered Level 4 of a ziggurat
 17791 | Zig:4    | Noticed a shard shrike
 17792 | Zig:4    | Killed a shard shrike
 17817 | Zig:5    | Entered Level 5 of a ziggurat
 17846 | Zig:5    | Identified the amulet "Uxtiol" {RegenMP Will+ Dex+4}
 17852 | Zig:6    | Entered Level 6 of a ziggurat
 17866 | Zig:6    | Reached XP level 27. HP: 228/228 MP: 48/55
 17873 | Zig:6    | Identified the amulet "Cadehair" {Harm *Corrode rC+ Regen+}
 17877 | Zig:6    | Identified the amulet of Cabi {RegenMP Dex+4}
 17883 | Zig:6    | Got the Tome of Singed Invitation
 17887 | Zig:7    | Entered Level 7 of a ziggurat
 17896 | Zig:7    | Reached skill level 15 in Necromancy
 17922 | Zig:8    | Entered Level 8 of a ziggurat
 17929 | Zig:8    | Noticed a caustic shrike
 17931 | Zig:8    | Killed a caustic shrike
 17963 | Zig:8    | Identified the +7 glaive of the Scorching Seer {drain,
                  | rPois rF+ Int-5 Dex+4}
 17971 | Zig:9    | Entered Level 9 of a ziggurat
 17974 | Zig:9    | Noticed a caustic shrike
 17976 | Zig:9    | Killed a caustic shrike
 18010 | Zig:9    | Got Zucoujep's Grimoire of Changing and the Inferno
 18038 | Zig:10   | Entered Level 10 of a ziggurat
 18051 | Zig:10   | Noticed Mepaeg the pandemonium lord
 18054 | Zig:10   | Killed Mepaeg the pandemonium lord
 18072 | Zig:10   | Identified the +3 chain mail of Damp Amelioration {Regen+}
 18076 | Zig:10   | Identified the +7 longbow of Spite {freeze, Int+3 Dex+7
                  | SInv}
 18078 | Zig:10   | Got the Octavo of Dislocated Iniquitous Mysteries
 18117 | Zig:11   | Entered Level 11 of a ziggurat
 18128 | Zig:11   | Noticed a caustic shrike
 18129 | Zig:11   | Killed a caustic shrike
 18144 | Zig:11   | Got the Verses on Poisonous Grit
 18152 | Zig:11   | Identified the +1 rapier "Ytumnan" {vorpal, rN+ Int+4
                  | Dex-5}
 18161 | Zig:12   | Entered Level 12 of a ziggurat
 18171 | Zig:12   | Noticed a dread lich
 18172 | Zig:12   | Killed a dread lich
 18174 | Zig:12   | Reached skill level 1 in Earth Magic
 18174 | Zig:12   | Noticed an ancient lich
 18175 | Zig:12   | Killed an ancient lich
 18206 | Zig:12   | Identified the +2 leather armour "Retwodus" {Fly rCorr
                  | Int-4 Stlth+}
 18222 | Zig:12   | Got the Parchment of the Glacier and Blows and Bruises
 18224 | Zig:12   | Identified the amulet "Molinkiu" {Faith rPois Slay+4}
 18267 | Zig:13   | Entered Level 13 of a ziggurat
 18279 | Zig:13   | Noticed a royal mummy
 18279 | Zig:13   | Noticed a royal mummy
 18282 | Zig:13   | Killed a royal mummy
 18283 | Zig:13   | Reached skill level 1 in Armour
 18283 | Zig:13   | Killed a royal mummy
 18309 | Zig:13   | Identified the +1 falchion of Hiomin {vorpal, rF- rN+
                  | Stlth+}
 18310 | Zig:13   | Identified the +7 mace "Dofuar" {protect, *Rage rF++ Str+3
                  | Dex-2}
 18323 | Zig:14   | Entered Level 14 of a ziggurat
 18330 | Zig:14   | Noticed a shard shrike
 18331 | Zig:14   | Killed a shard shrike
 18338 | Zig:14   | Reached skill level 5 in Earth Magic
 18353 | Zig:14   | Got the Handbook of Singed Blows and Bruises
 18356 | Zig:14   | Got the Folio of Terrain and Unholy Rituals
 18415 | Zig:15   | Entered Level 15 of a ziggurat
 18426 | Zig:15   | Noticed a shard shrike
 18427 | Zig:15   | Killed a shard shrike
 18428 | Zig:15   | Noticed a shard shrike
 18429 | Zig:15   | Killed a shard shrike
 18430 | Zig:15   | Noticed a shard shrike
 18431 | Zig:15   | Killed a shard shrike
 18467 | Zig:15   | Identified the +7 shortbow of the King {speed, rPois rC+}
 18479 | Zig:15   | Reached skill level 5 in Armour
 18479 | Zig:15   | Reached skill level 10 in Dodging
 18484 | Zig:16   | Entered Level 16 of a ziggurat
 18504 | Zig:16   | Reached skill level 10 in Earth Magic
 18515 | Zig:16   | Identified the +1 ring mail of Rationality {Dex+3 Slay+2
                  | Stlth+}
 18523 | Zig:16   | Identified the +0 pair of gloves "Neisykk" {rC+ Dex+4}
 18528 | Zig:16   | Identified the +3 plate armour "Xoyriczi" {+Inv rC+ Str+5
                  | Dex-4}
 18539 | Zig:16   | Identified the amulet of Esoetis {rF+ Will- Regen+ Str+4}
 18546 | Zig:17   | Entered Level 17 of a ziggurat
 18598 | Zig:17   | Identified the +8 falchion "Ycoeleem" {distort, *Rage rPois
                  | rCorr Dex+2}
 18603 | Zig:17   | Reached skill level 15 in Earth Magic
 18622 | Zig:17   | Identified the amulet "Goarch" {Reflect rElec SH+5}
 18640 | Zig:17   | Identified the +5 scale mail "Boemowa" {rN+}
 18643 | Zig:17   | Identified the ring of Wesics {Fly rElec rCorr}
 18656 | Zig:18   | Entered Level 18 of a ziggurat
 18665 | Zig:18   | Paralysed by an air elemental for 1 turns
 18726 | Zig:18   | Identified the +10 sling "Conservator" {flame, rF- Dex+7}
 18729 | Zig:18   | Identified the ring of Xom's Castigation {Fly Str+3 SInv}
 18740 | Zig:18   | Identified the +5 demon whip of Prudence {pain, Int+2}
 18754 | Zig:19   | Entered Level 19 of a ziggurat
 18776 | Zig:19   | Noticed a royal mummy
 18777 | Zig:19   | Noticed a royal mummy
 18778 | Zig:19   | Killed a royal mummy
 18778 | Zig:19   | Noticed a royal mummy
 18779 | Zig:19   | Killed a royal mummy
 18780 | Zig:19   | Noticed a royal mummy
 18781 | Zig:19   | Killed a royal mummy
 18782 | Zig:19   | Killed a royal mummy
 18782 | Zig:19   | Noticed a royal mummy
 18784 | Zig:19   | Killed a royal mummy
 18808 | Zig:19   | Noticed a royal mummy
 18809 | Zig:19   | Found the +8 trishula "Condemnation" {holy, anguish, *Noise
                  | Fly rN+}
 18811 | Zig:19   | Killed a royal mummy
 18842 | Zig:19   | Got the Discursus on the Frigorific Impact
 18844 | Zig:19   | Identified the +10 dire flail of Cucituv {speed, rElec rF+
                  | Dex-2}
 18845 | Zig:19   | Identified the +4 mace "Segupsaz" {freeze, rElec Str-5
                  | Dex+3}
 18867 | Zig:20   | Entered Level 20 of a ziggurat
 18880 | Zig:20   | Noticed a juggernaut
 18881 | Zig:20   | Noticed a juggernaut
 18881 | Zig:20   | Noticed a juggernaut
 18883 | Zig:20   | Killed a juggernaut
 18883 | Zig:20   | Killed a juggernaut
 18883 | Zig:20   | Noticed a juggernaut
 18884 | Zig:20   | Killed a juggernaut
 18885 | Zig:20   | Noticed a juggernaut
 18886 | Zig:20   | Killed a juggernaut
 18886 | Zig:20   | Killed a juggernaut
 18886 | Zig:20   | Killed a juggernaut
 18886 | Zig:20   | Noticed a juggernaut
 18888 | Zig:20   | Killed a juggernaut
 18890 | Zig:20   | Noticed a juggernaut
 18892 | Zig:20   | Killed a juggernaut
 18922 | Zig:20   | Identified the +4 short sword of Oily Resourcefulness
                  | {drain, rCorr MP+9 Int-2 Dex+3}
 18934 | Zig:20   | Identified the +11 rapier "Weoxzuha" {vorpal, rElec Int+2
                  | Dex-3}
 18938 | Zig:20   | Identified the ring of Seaneeq {rPois Will++ Str+4 Slay+4}
 18948 | Zig:20   | Upgraded the game from 0.30-a0-12-gd8047c6 to
                  | 0.30-a0-23-ge60ba35
 18951 | Zig:21   | Entered Level 21 of a ziggurat
 18968 | Zig:21   | Noticed a juggernaut
 18969 | Zig:21   | Noticed a juggernaut
 18973 | Zig:21   | Killed a juggernaut
 18976 | Zig:21   | Noticed a juggernaut
 18977 | Zig:21   | Killed a juggernaut
 18977 | Zig:21   | Killed a juggernaut
 18979 | Zig:21   | Noticed a juggernaut
 18981 | Zig:21   | Noticed a juggernaut
 18983 | Zig:21   | Killed a juggernaut
 18983 | Zig:21   | Killed a juggernaut
 18984 | Zig:21   | Noticed a juggernaut
 18986 | Zig:21   | Killed a juggernaut
 19037 | Zig:22   | Entered Level 22 of a ziggurat
 19086 | Zig:22   | Noticed Acidul the pandemonium lord
 19088 | Zig:22   | Killed Acidul the pandemonium lord
 19117 | Zig:22   | Identified the +6 whip of Seapoib {elec, rElec Str-2 Int+8
                  | Dex+3}
 19119 | Zig:22   | Identified the +4 plate armour of Ushrung {-Tele Harm rN+}
 19120 | Zig:22   | Identified the +12 sling of the Moth {flame, Str+2 Dex+2}
 19126 | Zig:22   | Identified the +6 mace of Law {vorpal, rElec rCorr Int-4
                  | SInv}
 19128 | Zig:22   | Identified the ring "Ocociangav" {rElec rF- rC+ rCorr SInv}
 19136 | Zig:22   | Identified the +5 rapier of Distant Shores {vorpal, rElec
                  | rF+ Int-3 Dex+4}
 19141 | Zig:23   | Entered Level 23 of a ziggurat
 19161 | Zig:23   | Reached skill level 10 in Shields
 19176 | Zig:23   | Reached skill level 15 in Dodging
 19195 | Zig:23   | Found the +8 whip "Snakebite" {venom, curare, rPois}
 19199 | Zig:23   | Identified the ring of Xumut {Will+ Dex+3 Slay+5 Stlth-}
 19211 | Zig:23   | Identified the amulet of Mik Aheohimn {Spirit rF+ rCorr}
 19226 | Zig:23   | Identified the +0 dagger "Ukeahay" {flame, Str-5 Int+5
                  | Stlth+}
 19234 | Zig:23   | Got the Handbook of Superposition and Ensorcelling
 19235 | Zig:23   | Identified the +4 eveningstar "Texa Tye" {flame, MP+9
                  | Dex+7}
 19241 | Zig:24   | Entered Level 24 of a ziggurat
 19269 | Zig:24   | Reached skill level 15 in Air Magic
 19298 | Zig:24   | Killed an ancient lich
 19329 | Zig:24   | Identified the +2 robe of Boredom {Int+7}
 19337 | Zig:24   | Identified the +3 leather armour of the Unbroken {Regen+
                  | Str+4}
 19346 | Zig:24   | Identified the ring "Golaivif" {*Slow +Blink Will+ rCorr
                  | Slay+3}
 19349 | Zig:24   | Identified the +0 cloak "Ilideupu" {+Inv rCorr}
 19355 | Zig:24   | Got the Tome of the Barrage
 19357 | Zig:24   | Identified the +3 mace of the Endless March {speed, rElec
                  | rC+ Dex+4}
 19377 | Zig:25   | Entered Level 25 of a ziggurat
 19400 | Zig:25   | Noticed an orb of fire
 19402 | Zig:25   | Killed an orb of fire
 19406 | Zig:25   | Noticed an orb of fire
 19407 | Zig:25   | Noticed an orb of fire
 19408 | Zig:25   | Gained mutation: You possess an exceptional clarity of
                  | mind. [an orb of fire]
 19409 | Zig:25   | Killed an orb of fire
 19409 | Zig:25   | Killed an orb of fire
 19411 | Zig:25   | Noticed an orb of fire
 19411 | Zig:25   | Noticed an orb of fire
 19412 | Zig:25   | Noticed an orb of fire
 19414 | Zig:25   | Killed an orb of fire
 19414 | Zig:25   | Killed an orb of fire
 19415 | Zig:25   | Noticed an orb of fire
 19416 | Zig:25   | Killed an orb of fire
 19417 | Zig:25   | Killed an orb of fire
 19419 | Zig:25   | Noticed an orb of fire
 19421 | Zig:25   | Killed an orb of fire
 19424 | Zig:25   | Reached skill level 15 in Shields
 19463 | Zig:25   | Identified the +12 morningstar of the Smoking Gods {spect,
                  | rF+ rCorr Str-2}
 19467 | Zig:25   | Got the Handbook of Cursed Dark Rites
 19471 | Zig:25   | Identified the +10 war axe of Muelum {flame, rF++}
 19491 | Zig:25   | Identified the +5 spear "Elimasemn" {holy, rCorr}
 19504 | Zig:25   | Identified the +9 quarterstaff "Vitas" {venom, rF++ Dex+3
                  | Stlth+}
 19505 | Zig:25   | Identified the ring "Lauff" {rPois rC+ rCorr Str-3 SInv}
 19529 | Zig:25   | Learned a level 9 spell: Polar Vortex
 19533 | Zig:26   | Entered Level 26 of a ziggurat
 19577 | Zig:26   | Noticed a juggernaut
 19578 | Zig:26   | Noticed a juggernaut
 19579 | Zig:26   | Killed a juggernaut
 19580 | Zig:26   | Killed a juggernaut
 19583 | Zig:26   | Noticed a juggernaut
 19584 | Zig:26   | Killed a juggernaut
 19589 | Zig:26   | Noticed a juggernaut
 19590 | Zig:26   | Noticed a juggernaut
 19592 | Zig:26   | Reached skill level 15 in Ice Magic
 19592 | Zig:26   | Killed a juggernaut
 19592 | Zig:26   | Killed a juggernaut
 19592 | Zig:26   | Killed a juggernaut
 19598 | Zig:26   | Noticed a juggernaut
 19600 | Zig:26   | Killed a juggernaut
 19620 | Zig:26   | Found the +9 sword of Zonguldrok {reap}
 19641 | Zig:26   | Identified the +1 scale mail of the Moon Troll {Regen+}
 19645 | Zig:26   | Identified the +0 pair of gloves "Juetsouw" {rC+ Int+4}
 19663 | Zig:26   | Identified the +1 scale mail of the Tuna {rN+ rCorr Stlth+}
 19678 | Zig:27   | Entered Level 27 of a ziggurat
 19706 | Zig:27   | Killed a dread lich
 19709 | Zig:27   | Noticed a dread lich
 19713 | Zig:27   | Killed a dread lich
 19723 | Zig:27   | Noticed a dread lich
 19725 | Zig:27   | Killed a dread lich
 19725 | Zig:27   | Killed an ancient lich
 19743 | Zig:27   | Found the +2 hood of the Assassin {Detection Stab+ Stlth++}
 19748 | Zig:27   | Identified the amulet "Koim" {RegenMP rPois rF- Dex+3}
 19751 | Zig:27   | Identified the amulet of the Sturgeon {Spirit rC++}
 19773 | Zig:27   | Got the Anthology of the Cursed Union
 19775 | Zig:27   | Got the Handbook of the Glacier and Jinxing
 19808 | Zig:27   | Got Sif Muna's Codex of the Wind
 19829 | Zig:1    | Entered Level 1 of a ziggurat
 19844 | Zig:2    | Entered Level 2 of a ziggurat
 19856 | Zig:2    | Got Sif Muna's Folio of Excruciating Ice
 19862 | Zig:2    | Learned a level 4 spell: Iskenderun's Mystic Blast
 19863 | Zig:3    | Entered Level 3 of a ziggurat
 19889 | Zig:4    | Entered Level 4 of a ziggurat
 19892 | Zig:4    | Noticed a Killer Klown
 19893 | Zig:4    | Killed a Killer Klown
 19905 | Zig:4    | Identified the +6 shortbow "Tamirag" {vorpal, rN+ Int+2}
 19906 | Zig:4    | Identified the +7 glaive of Xofoklu Gyer {vorpal, rElec}
 19914 | Zig:5    | Entered Level 5 of a ziggurat
 19918 | Zig:5    | Noticed a Killer Klown
 19921 | Zig:5    | Killed a Killer Klown
 19932 | Zig:5    | Reached skill level 10 in Armour
 19937 | Zig:5    | Got Vehumet's Secrets of the Barrage
 19940 | Zig:6    | Entered Level 6 of a ziggurat
 19945 | Zig:6    | Noticed an ancient lich
 19946 | Zig:6    | Killed an ancient lich
 19966 | Zig:7    | Entered Level 7 of a ziggurat
 19973 | Zig:7    | Noticed Vicwoapo the pandemonium lord
 19974 | Zig:7    | Killed Vicwoapo the pandemonium lord
 20130 | Zig:8    | Entered Level 8 of a ziggurat
 20152 | Zig:8    | Identified the +3 leather armour of Icora {Str+5}
 20158 | Zig:8    | Identified the +0 chain mail "Liosax" {Will+++}
 20162 | Zig:8    | Identified the +1 robe of Parlour Games {Harm}
 20175 | Zig:9    | Entered Level 9 of a ziggurat
 20214 | Zig:10   | Entered Level 10 of a ziggurat
 20225 | Zig:10   | Found the +6 Majin-Bo {vamp, MP+6 Int+6}
 20230 | Zig:10   | Found the +0 mask of the Dragon {Will+ Slay+3 SInv}
 20265 | Zig:10   | Identified the +1 scale mail of Wonder {Fly rF++ Int+3}
 20266 | Zig:10   | Identified the ring of Tabraot {Fire rN+ Str+4}
 20279 | Zig:11   | Entered Level 11 of a ziggurat
 20289 | Zig:11   | Noticed a caustic shrike
 20289 | Zig:11   | Noticed a caustic shrike
 20289 | Zig:11   | Found the +15 Maxwell's patent armour {-Cast -Tele rElec
                  | Will+ rCorr}
 20291 | Zig:11   | Killed a caustic shrike
 20293 | Zig:11   | Killed a caustic shrike
 20335 | Zig:11   | Got Haoseer's Omnibus of the Atmosphere and the Winter
 20355 | Zig:12   | Entered Level 12 of a ziggurat
 20374 | Zig:12   | Found the dreamshard necklace {*Dream Drain}
 20384 | Zig:12   | Got Gomual's Precepts of Conduction and Glaciation
 20409 | Zig:13   | Entered Level 13 of a ziggurat
 20449 | Zig:13   | Identified the +2 pair of boots of Eternal Night {-Tele
                  | Str+7}
 20462 | Zig:13   | Identified the +0 leather armour of Vanity {Harm}
 20475 | Zig:14   | Entered Level 14 of a ziggurat
 20486 | Zig:14   | Noticed Coemnic the pandemonium lord
 20489 | Zig:14   | Killed Coemnic the pandemonium lord
 20500 | Zig:14   | Found the ring of the Tortoise {AC+8}
 20525 | Zig:14   | Identified the +4 glaive of the Sheltering Jester {freeze,
                  | *Slow Dex+7}
 20537 | Zig:15   | Entered Level 15 of a ziggurat
 20559 | Zig:15   | Noticed a dread lich
 20560 | Zig:15   | Noticed an ancient lich
 20560 | Zig:15   | Killed a dread lich
 20561 | Zig:15   | Killed an ancient lich
 20584 | Zig:15   | Identified the +1 ring mail "Xoecsoeb" {Str+5 Dex+6}
 20585 | Zig:15   | Identified the +1 leather armour of Seredoha {rElec rN+
                  | Int+3 Stlth-}
 20609 | Zig:16   | Entered Level 16 of a ziggurat
 20626 | Zig:16   | Reached skill level 15 in Armour
 20649 | Zig:16   | Identified the +2 long sword of Contradiction {drain, *Rage
                  | rPois Str+6 Int+3}
 20651 | Zig:16   | Got the Codex of Pestilence and Unholy Deeds
 20666 | Zig:16   | Identified the +1 rapier "Rigrinim" {vorpal, Int+3}
 20669 | Zig:16   | Identified the +6 falchion of Pestilence {vamp, Int+2}
 20682 | Zig:17   | Entered Level 17 of a ziggurat
 20695 | Zig:17   | Noticed a royal mummy
 20697 | Zig:17   | Noticed a royal mummy
 20698 | Zig:17   | Noticed a royal mummy
 20699 | Zig:17   | Killed a royal mummy
 20699 | Zig:17   | Noticed a royal mummy
 20700 | Zig:17   | Killed a royal mummy
 20700 | Zig:17   | Killed a royal mummy
 20700 | Zig:17   | Noticed a royal mummy
 20701 | Zig:17   | Killed a royal mummy
 20703 | Zig:17   | Killed a royal mummy
 20705 | Zig:17   | Noticed a royal mummy
 20706 | Zig:17   | Killed a royal mummy
 20707 | Zig:17   | Killed a royal mummy
 20710 | Zig:17   | Noticed a royal mummy
 20711 | Zig:17   | Killed a royal mummy
 20742 | Zig:17   | Identified the +5 great mace of Beuf {spect, rF+++ rC+ rN+
                  | rCorr}
 20743 | Zig:17   | Identified the +0 short sword of Piafab {drain, *Corrode
                  | +Blink rElec Int-2}
 20744 | Zig:17   | Identified the +4 chain mail of Pyaczaem {Str+4 Int+3
                  | Stlth+}
 20745 | Zig:17   | Identified the +6 sling "Qum Tazi" {vorpal, rPois Int+2}
 20747 | Zig:17   | Got the Catalogue of Solid Malediction
 20749 | Zig:17   | Got Ysuakkao's Dissertation on Conjury
 20752 | Zig:18   | Entered Level 18 of a ziggurat
 20839 | Zig:19   | Entered Level 19 of a ziggurat
 20850 | Zig:19   | Noticed a royal mummy
 20853 | Zig:19   | Killed a royal mummy
 20853 | Zig:19   | Noticed a royal mummy
 20856 | Zig:19   | Killed a royal mummy
 20857 | Zig:19   | Noticed a royal mummy
 20858 | Zig:19   | Killed a royal mummy
 20861 | Zig:19   | Killed a royal mummy
 20861 | Zig:19   | Noticed a royal mummy
 20864 | Zig:19   | Killed a royal mummy
 20864 | Zig:19   | Noticed a royal mummy
 20868 | Zig:19   | Killed a royal mummy
 20868 | Zig:19   | Noticed a royal mummy
 20869 | Zig:19   | Reached skill level 1 in Maces & Flails
 20869 | Zig:19   | Killed a royal mummy
 20890 | Zig:19   | Found the amulet of the Four Winds {rN+ Will+++ Clar}
 20908 | Zig:19   | Identified the +9 dagger "Bung" {drain, rPois rC+ Will+}
 20916 | Zig:19   | Identified the ring of Agum Jubryx {rF+ MP+9}
 20930 | Zig:20   | Entered Level 20 of a ziggurat
 20942 | Zig:20   | Noticed a dread lich
 20943 | Zig:20   | Noticed a dread lich
 20948 | Zig:20   | Killed a dread lich
 20955 | Zig:20   | Noticed a dread lich
 20958 | Zig:20   | Killed a dread lich
 20959 | Zig:20   | Reached skill level 5 in Maces & Flails
 20959 | Zig:20   | Killed a dread lich
 20960 | Zig:20   | Killed an ancient lich
 20968 | Zig:20   | Noticed a dread lich
 20969 | Zig:20   | Killed a dread lich
 20974 | Zig:20   | Noticed a dread lich
 20975 | Zig:20   | Killed a dread lich
 20982 | Zig:20   | Found the +5 robe of Misfortune {Harm *Corrode *Slow EV+5}
 20991 | Zig:20   | Identified the +7 halberd of the Inferno {chaos, *Rage rC+
                  | Int+7}
 21016 | Zig:20   | Identified the +3 broad axe of the Valley of Death {flame,
                  | Will+}
 21269 | Pan      | Entered Pandemonium
 21283 | Pan      | Noticed Wisoxt the pandemonium lord
 21287 | Pan      | Killed Wisoxt the pandemonium lord
 21446 | Pan      | Entered the realm of Mnoleg.
 21448 | Pan      | Reached skill level 1 in Translocations
 21461 | Pan      | Noticed Mnoleg
 21464 | Pan      | Killed Mnoleg
 21493 | Pan      | Got a glowing rune of Zot
 21592 | Pan      | Reached skill level 5 in Translocations
 21614 | Pan      | Reached skill level 10 in Maces & Flails
 21614 | Pan      | Noticed Dausez the pandemonium lord
 21616 | Pan      | Killed Dausez the pandemonium lord
 21645 | Pan      | Found a runed translucent door.
 21662 | Pan      | Got a demonic rune of Zot
 21800 | Pan      | Noticed Coc Yzeng the pandemonium lord
 21803 | Pan      | Killed Coc Yzeng the pandemonium lord
 21885 | Pan      | Noticed Jirid the pandemonium lord
 21887 | Pan      | Killed Jirid the pandemonium lord
 22152 | Pan      | Entered the realm of Cerebov.
 22177 | Pan      | Reached skill level 5 in Stealth
 22297 | Pan      | Identified the +7 lajatang of Weid Dyll {venom, rF+}
 22367 | Pan      | Found the +6 sword of Cerebov {flame}
 22367 | Pan      | Noticed Cerebov
 22385 | Pan      | Killed Cerebov
 22464 | Pan      | Got a fiery rune of Zot
 22470 | Pan      | Identified the +7 eveningstar of Taloh {holy, Int+5}
 22557 | Pan      | Learned a level 8 spell: Maxwell's Capacitive Coupling
 22598 | Pan      | Entered the realm of Gloorx Vloq.
 22725 | Pan      | Noticed Gloorx Vloq
 22728 | Pan      | Killed Gloorx Vloq
 22746 | Pan      | Got a dark rune of Zot
 22910 | Pan      | Found an exit through the horrors of the Abyss.
 23107 | Pan      | Entered the realm of Lom Lobon.
 23250 | Pan      | Noticed Lom Lobon
 23255 | Pan      | Killed Lom Lobon
 23300 | Pan      | Got a magical rune of Zot
 23488 | Pan      | Found an exit through the horrors of the Abyss.
 23497 | Pan      | Took an exit into the Abyss.
 23497 | Abyss:1  | Escaped into the Abyss
 23722 | Abyss:2  | Reached skill level 15 in Maces & Flails
 23983 | Abyss:3  | Got an abyssal rune of Zot
 24004 | Depths:2 | Escaped the Abyss
 24299 | Crypt:1  | Entered Level 1 of the Crypt
 24523 | Crypt:3  | Entered Level 3 of the Crypt
 24630 | Crypt:3  | Found a basalt altar of Yredelemnul.
 24777 | Crypt:3  | Reached skill level 10 in Stealth
 24904 | Crypt:3  | Identified the +8 sling "Qiewkux" {vorpal, rElec Dex+7}
 24907 | Crypt:3  | Noticed Jory
 24909 | Crypt:3  | Killed Jory
 24914 | Crypt:3  | Found a staircase to the Tomb.
 25121 | Tomb:1   | Entered Level 1 of the Tomb of the Ancients
 25279 | Tomb:1   | Noticed a royal mummy
 25281 | Tomb:1   | Killed a royal mummy
 25299 | Tomb:1   | Noticed a royal mummy
 25301 | Tomb:1   | Killed a royal mummy
 25401 | Tomb:2   | Noticed a royal mummy
 25404 | Tomb:2   | Killed a royal mummy
 25405 | Tomb:2   | Noticed a royal mummy
 25407 | Tomb:2   | Noticed a royal mummy
 25409 | Tomb:2   | Noticed a royal mummy
 25412 | Tomb:2   | Killed a royal mummy
 25414 | Tomb:2   | Killed a royal mummy
 25415 | Tomb:2   | Killed a royal mummy
 25505 | Tomb:1   | Noticed a royal mummy
 25507 | Tomb:1   | Noticed a royal mummy
 25507 | Tomb:1   | Killed a royal mummy
 25507 | Tomb:1   | Killed a royal mummy
 25510 | Tomb:1   | Noticed a royal mummy
 25512 | Tomb:1   | Killed a royal mummy
 25512 | Tomb:1   | Killed a royal mummy
 25517 | Tomb:1   | Noticed a royal mummy
 25518 | Tomb:1   | Killed a royal mummy
 25600 | Tomb:1   | Noticed a royal mummy
 25604 | Tomb:1   | Killed a royal mummy
 25605 | Tomb:1   | Noticed a royal mummy
 25607 | Tomb:1   | Killed a royal mummy
 25612 | Tomb:1   | Noticed a royal mummy
 25615 | Tomb:1   | Killed a royal mummy
 25618 | Tomb:1   | Noticed a royal mummy
 25621 | Tomb:1   | Killed a royal mummy
 25672 | Tomb:1   | Noticed a royal mummy
 25676 | Tomb:1   | Killed a royal mummy
 25677 | Tomb:1   | Noticed a royal mummy
 25678 | Tomb:1   | Killed a royal mummy
 25686 | Tomb:1   | Noticed a royal mummy
 25689 | Tomb:1   | Killed a royal mummy
 25705 | Tomb:1   | Noticed a royal mummy
 25706 | Tomb:1   | Killed a royal mummy
 25709 | Tomb:1   | Noticed a royal mummy
 25712 | Tomb:1   | Killed a royal mummy
 25712 | Tomb:1   | Noticed a royal mummy
 25715 | Tomb:1   | Killed a royal mummy
 25721 | Tomb:1   | Noticed a royal mummy
 25724 | Tomb:1   | Killed a royal mummy
 25726 | Tomb:1   | Noticed a royal mummy
 25729 | Tomb:1   | Killed a royal mummy
 25759 | Tomb:1   | Noticed a royal mummy
 25762 | Tomb:1   | Killed a royal mummy
 25771 | Tomb:1   | Noticed a royal mummy
 25774 | Tomb:1   | Killed a royal mummy
 25774 | Tomb:1   | Noticed a royal mummy
 25775 | Tomb:1   | Killed a royal mummy
 25775 | Tomb:1   | Killed a royal mummy
 25898 | Tomb:3   | Entered Level 3 of the Tomb of the Ancients
 25918 | Tomb:3   | Reached skill level 27 in Fighting
 25920 | Tomb:3   | Noticed a royal mummy
 25922 | Tomb:3   | Noticed a royal mummy
 25924 | Tomb:3   | Killed a royal mummy
 25924 | Tomb:3   | Killed a royal mummy
 25925 | Tomb:3   | Reached skill level 15 in Stealth
 25925 | Tomb:3   | Noticed a royal mummy
 25925 | Tomb:3   | Noticed a royal mummy
 25925 | Tomb:3   | Noticed a royal mummy
 25925 | Tomb:3   | Noticed a royal mummy
 25926 | Tomb:3   | Killed a royal mummy
 25926 | Tomb:3   | Killed a royal mummy
 25926 | Tomb:3   | Killed a royal mummy
 25926 | Tomb:3   | Killed a royal mummy
 25930 | Tomb:3   | Killed a royal mummy
 25931 | Tomb:3   | Noticed a royal mummy
 25932 | Tomb:3   | Killed a royal mummy
 25953 | Tomb:3   | Found the +8 demon trident "Rift" {distort, reach+}
 25962 | Tomb:3   | Identified the +5 sling of Change {vorpal, Stlth+}
 25968 | Tomb:3   | Identified the +7 mace of Ofup {protect, rCorr Int+3}
 26011 | Tomb:3   | Found the +9 staff of Olgreb {rPois∞}
 26017 | Tomb:3   | Identified the +2 leather armour "Vischext" {rCorr Dex+4
                  | Stlth-}
 26038 | Tomb:3   | Identified the +1 scale mail "Xuityz" {rElec Regen+}
 26120 | Tomb:3   | Noticed a royal mummy
 26132 | Tomb:3   | Killed a royal mummy
 26144 | Tomb:3   | Got a golden rune of Zot
 26742 | Hell     | Entered the Vestibule of Hell
 26742 | Hell     | Noticed Geryon
 26745 | Hell     | Killed Geryon
 26820 | Hell     | Found a gateway to the freezing wastes of Cocytus.
 26839 | Coc:1    | Entered Level 1 of Cocytus
 26872 | Coc:1    | Noticed a shard shrike
 26873 | Coc:1    | Noticed a shard shrike
 26875 | Coc:1    | Killed a shard shrike
 26875 | Coc:1    | Killed a shard shrike
 26894 | Coc:1    | You are sucked into a shaft and drop 1 floor!
 26977 | Coc:4    | Reached skill level 27 in Dodging
 27018 | Coc:5    | Noticed a shard shrike
 27018 | Coc:5    | Noticed a shard shrike
 27019 | Coc:5    | Noticed a shard shrike
 27020 | Coc:5    | Killed a shard shrike
 27020 | Coc:5    | Killed a shard shrike
 27020 | Coc:5    | Killed a shard shrike
 27079 | Coc:6    | Noticed a shard shrike
 27079 | Coc:6    | Noticed a shard shrike
 27079 | Coc:6    | Noticed a shard shrike
 27079 | Coc:6    | Noticed a shard shrike
 27080 | Coc:6    | Noticed a shard shrike
 27081 | Coc:6    | Noticed a shard shrike
 27082 | Coc:6    | Killed a shard shrike
 27082 | Coc:6    | Killed a shard shrike
 27082 | Coc:6    | Killed a shard shrike
 27082 | Coc:6    | Killed a shard shrike
 27084 | Coc:6    | Killed a shard shrike
 27084 | Coc:6    | Killed a shard shrike
 27092 | Coc:6    | Noticed a shard shrike
 27095 | Coc:6    | Killed a shard shrike
 27102 | Coc:6    | Noticed a shard shrike
 27105 | Coc:6    | Killed a shard shrike
 27116 | Coc:7    | Entered Level 7 of Cocytus
 27116 | Coc:7    | Noticed a shard shrike
 27119 | Coc:7    | Killed a shard shrike
 27126 | Coc:7    | Noticed a shard shrike
 27128 | Coc:7    | Killed a shard shrike
 27172 | Coc:7    | Noticed a shard shrike
 27173 | Coc:7    | Killed a shard shrike
 27178 | Coc:7    | Noticed a shard shrike
 27179 | Coc:7    | Noticed a shard shrike
 27180 | Coc:7    | Killed a shard shrike
 27180 | Coc:7    | Killed a shard shrike
 27181 | Coc:7    | Noticed a shard shrike
 27183 | Coc:7    | Noticed a shard shrike
 27184 | Coc:7    | Killed a shard shrike
 27187 | Coc:7    | Killed a shard shrike
 27304 | Coc:7    | Identified the +5 quarterstaff of Callousness {vorpal, rC+
                  | Int+2}
 27308 | Coc:7    | Identified the +7 spear "Adolaak" {flame, rF+ Str+4}
 27421 | Coc:7    | Noticed a shard shrike
 27422 | Coc:7    | Killed a shard shrike
 27444 | Coc:7    | Noticed a shard shrike
 27445 | Coc:7    | Killed a shard shrike
 27537 | Coc:7    | Noticed a shard shrike
 27538 | Coc:7    | Killed a shard shrike
 27565 | Coc:7    | Noticed a shard shrike
 27566 | Coc:7    | Killed a shard shrike
 27581 | Coc:7    | Noticed Antaeus
 27592 | Coc:7    | Killed Antaeus
 27608 | Coc:7    | Got an icy rune of Zot
 27612 | Coc:7    | Identified the +5 whip of Beloved Duty {vorpal, *Corrode
                  | MP+9 Dex+3}
 27614 | Coc:7    | Identified the +3 shortbow of Qetuer {freeze, rN++ Str+4}
 27764 | Hell     | Found a gateway to the ashen valley of Gehenna.
 27786 | Geh:1    | Entered Level 1 of Gehenna
 27923 | Geh:3    | You are sucked into a shaft and drop 3 floors!
 27971 | Geh:7    | Entered Level 7 of Gehenna
 28181 | Geh:7    | Found the +7 sceptre of Asmodeus
 28181 | Geh:7    | Noticed Asmodeus
 28188 | Geh:7    | Killed Asmodeus
 28202 | Geh:7    | Got an obsidian rune of Zot
 28340 | Hell     | Found a gateway to the decaying netherworld of Tartarus.
 28350 | Tar:1    | Entered Level 1 of Tartarus
 28360 | Tar:1    | You are sucked into a shaft and drop 1 floor!
 29003 | Tar:6    | Found a huge runed gate.
 29003 | Tar:6    | Found a huge runed gate.
 29003 | Tar:6    | Found a huge runed gate.
 29005 | Tar:6    | Found a huge runed gate.
 29006 | Tar:6    | Found a huge runed gate.
 29006 | Tar:6    | Found a huge runed gate.
 29007 | Tar:6    | Found a huge runed gate.
 29007 | Tar:6    | Found a huge runed gate.
 29007 | Tar:6    | Found a huge runed gate.
 29008 | Tar:6    | Found a huge runed gate.
 29033 | Tar:7    | Entered Level 7 of Tartarus
 29156 | Tar:7    | Noticed an ancient lich
 29158 | Tar:7    | Killed an ancient lich
 29229 | Tar:7    | Noticed an ancient lich
 29232 | Tar:7    | Killed an ancient lich
 29241 | Tar:7    | Noticed a dread lich
 29244 | Tar:7    | Killed a dread lich
 29275 | Tar:7    | Noticed Ereshkigal
 29285 | Tar:7    | Killed Ereshkigal
 29374 | Tar:7    | Got a bone rune of Zot
 29518 | Hell     | Found a gateway to the Iron City of Dis.
 29536 | Dis:1    | Entered Level 1 of the Iron City of Dis
 29560 | Dis:2    | Noticed a caustic shrike
 29560 | Dis:2    | Noticed a caustic shrike
 29560 | Dis:2    | Noticed a caustic shrike
 29562 | Dis:2    | Killed a caustic shrike
 29563 | Dis:2    | Killed a caustic shrike
 29563 | Dis:2    | Killed a caustic shrike
 29570 | Dis:2    | Noticed a caustic shrike
 29570 | Dis:2    | Noticed a caustic shrike
 29571 | Dis:2    | Killed a caustic shrike
 29572 | Dis:2    | Killed a caustic shrike
 29573 | Dis:2    | Noticed a caustic shrike
 29579 | Dis:2    | Killed a caustic shrike
 29579 | Dis:2    | Noticed a caustic shrike
 29583 | Dis:2    | Killed a caustic shrike
 29731 | Dis:4    | Noticed a caustic shrike
 29731 | Dis:4    | Noticed a caustic shrike
 29731 | Dis:4    | Noticed a caustic shrike
 29733 | Dis:4    | Noticed a caustic shrike
 29736 | Dis:4    | Killed a caustic shrike
 29736 | Dis:4    | Killed a caustic shrike
 29737 | Dis:4    | Killed a caustic shrike
 29738 | Dis:4    | Killed a caustic shrike
 29766 | Dis:4    | Noticed a caustic shrike
 29766 | Dis:4    | Noticed a caustic shrike
 29766 | Dis:4    | Noticed a caustic shrike
 29766 | Dis:4    | Noticed a caustic shrike
 29766 | Dis:4    | Noticed a caustic shrike
 29770 | Dis:4    | Killed a caustic shrike
 29771 | Dis:4    | Killed a caustic shrike
 29771 | Dis:4    | Killed a caustic shrike
 29772 | Dis:4    | Killed a caustic shrike
 29774 | Dis:4    | Killed a caustic shrike
 29870 | Dis:6    | Noticed a juggernaut
 29875 | Dis:6    | Killed a juggernaut
 29910 | Dis:6    | Reached skill level 27 in Stealth
 29934 | Dis:7    | Entered Level 7 of the Iron City of Dis
 29938 | Dis:7    | Noticed a caustic shrike
 29938 | Dis:7    | Noticed a caustic shrike
 29939 | Dis:7    | Killed a caustic shrike
 29939 | Dis:7    | Killed a caustic shrike
 29939 | Dis:7    | Noticed a caustic shrike
 29940 | Dis:7    | Killed a caustic shrike
 29940 | Dis:7    | Killed a caustic shrike
 29942 | Dis:7    | Killed a caustic shrike
 30108 | Dis:7    | Noticed a caustic shrike
 30109 | Dis:7    | Noticed a caustic shrike
 30110 | Dis:7    | Killed a caustic shrike
 30110 | Dis:7    | Killed a caustic shrike
 30110 | Dis:7    | Noticed a caustic shrike
 30111 | Dis:7    | Killed a caustic shrike
 30111 | Dis:7    | Killed a caustic shrike
 30115 | Dis:7    | Noticed a caustic shrike
 30117 | Dis:7    | Killed a caustic shrike
 30131 | Dis:7    | Noticed a caustic shrike
 30132 | Dis:7    | Killed a caustic shrike
 30142 | Dis:7    | Noticed a caustic shrike
 30146 | Dis:7    | Killed a caustic shrike
 30203 | Dis:7    | Noticed a caustic shrike
 30205 | Dis:7    | Killed a caustic shrike
 30212 | Dis:7    | Noticed a caustic shrike
 30213 | Dis:7    | Killed a caustic shrike
 30231 | Dis:7    | Noticed the Serpent of Hell
 30235 | Dis:7    | Learned a level 8 spell: Lehudib's Crystal Spear
 30357 | Dis:7    | Noticed a caustic shrike
 30359 | Dis:7    | Killed a caustic shrike
 30361 | Dis:7    | Killed the Serpent of Hell
 30422 | Dis:7    | Found the +4 staff of Dispater
 30422 | Dis:7    | Noticed Dispater
 30423 | Dis:7    | Noticed a juggernaut
 30426 | Dis:7    | Killed a juggernaut
 30432 | Dis:7    | Killed Dispater
 30458 | Dis:7    | Identified the ring "Deviffew" {Contam rC++ Will++ Int+6}
 30461 | Dis:7    | Got an iron rune of Zot
 30486 | Dis:7    | Noticed a caustic shrike
 30487 | Dis:7    | Killed a caustic shrike
 30489 | Dis:7    | Noticed a caustic shrike
 30491 | Dis:7    | Noticed a caustic shrike
 30492 | Dis:7    | Killed a caustic shrike
 30494 | Dis:7    | Noticed a caustic shrike
 30498 | Dis:7    | Noticed a caustic shrike
 30500 | Dis:7    | Killed a caustic shrike
 30501 | Dis:7    | Killed a caustic shrike
 30502 | Dis:7    | Killed a caustic shrike
 30748 | Depths:4 | Found a gate to the Realm of Zot.
 30770 | Zot:1    | Entered Level 1 of the Realm of Zot
 30913 | Zot:5    | Entered Level 5 of the Realm of Zot
 30940 | Zot:5    | Found a runed translucent gate.
 30940 | Zot:5    | Found a runed translucent gate.
 30940 | Zot:5    | Found a runed translucent gate.
 30940 | Zot:5    | Noticed Heisao's ghost (legendary TrBe)
 31027 | Zot:5    | Noticed a dread lich
 31029 | Zot:5    | Killed a dread lich
 31041 | Zot:5    | Noticed an orb of fire
 31042 | Zot:5    | Noticed a dread lich
 31044 | Zot:5    | Killed an orb of fire
 31047 | Zot:5    | Noticed a Killer Klown
 31049 | Zot:5    | Killed a dread lich
 31050 | Zot:5    | Killed a Killer Klown
 31059 | Zot:5    | Noticed a Killer Klown
 31061 | Zot:5    | Killed a Killer Klown
 31061 | Zot:5    | Noticed a dread lich
 31063 | Zot:5    | Killed a dread lich
 31063 | Zot:5    | Noticed an orb of fire
 31064 | Zot:5    | Killed an orb of fire
 31121 | Zot:5    | Noticed a Killer Klown
 31125 | Zot:5    | Reached skill level 27 in Conjurations
 31126 | Zot:5    | Killed a Killer Klown
 31138 | Zot:5    | Noticed a Killer Klown
 31140 | Zot:5    | Killed a Killer Klown
 31142 | Zot:5    | Noticed a Killer Klown
 31150 | Zot:5    | Killed a Killer Klown
 31155 | Zot:5    | Noticed a dread lich
 31156 | Zot:5    | Killed a dread lich
 31162 | Zot:5    | Noticed an orb of fire
 31163 | Zot:5    | Noticed a Killer Klown
 31163 | Zot:5    | Gained mutation: You are frail. (-10% HP) [an orb of fire]
 31167 | Zot:5    | Killed an orb of fire
 31168 | Zot:5    | Killed a Killer Klown
 31175 | Zot:5    | Noticed a dread lich
 31178 | Zot:5    | Killed a dread lich
 31192 | Zot:5    | Lost mutation: You are frail. (-10% HP) [potion of
                  | mutation]
 31192 | Zot:5    | Lost mutation: You possess an exceptional clarity of mind.
                  | [potion of mutation]
 31192 | Zot:5    | Gained mutation: You have hidden genetic defects. [potion
                  | of mutation]
 31192 | Zot:5    | Gained mutation: You are dopey. (Int -2) [potion of
                  | mutation]
 31192 | Zot:5    | Gained mutation: Your system is resistant to poisons.
                  | (rPois) [potion of mutation]
 31193 | Zot:5    | Lost mutation: You have hidden genetic defects. [potion of
                  | mutation]
 31193 | Zot:5    | Lost mutation: You are dopey. (Int -2) [potion of mutation]
 31193 | Zot:5    | Gained mutation: You have large cloven feet. [potion of
                  | mutation]
 31195 | Zot:5    | Got the Orb of Zot
 31233 | Zot:5    | Noticed an orb of fire
 31237 | Zot:5    | Killed an orb of fire
 31515 | D:10     | Noticed an ancient lich
 31516 | D:10     | Noticed Puigiklo the pandemonium lord
 31517 | D:10     | Killed an ancient lich
 31519 | D:10     | Killed Puigiklo the pandemonium lord
 31692 | D:4      | Noticed Girunn the pandemonium lord
 31770 | D:$      | Escaped with the Orb!

Illustrated notes

Levels and vault maps discovered:
D:1:      psy_arrival_radial01, layout_loops_ring,
          ebering_ecumenical_altar_hall, minmay_pentomino_w2
D:2:      minmay_recursive_quarters, layout_loops_ring, chequers_big_river,
          nrook_loot_triangle, minmay_joined_circles, uniq_jessica, uniq_terence
D:3:      layout_loops_ring, mainiacjoe_overflow_catwalk
D:4:      layout_rooms, minmay_temple_entry_butterflies, serial_shops,
          nicolae_shop_waterfront, uniq_ijyb
D:5:      layout_basic, nicolae_concentric_dashed_squares_wild
D:6:      layout_rooms, lemuel_coloured_pillars_altar, lemuel_tele_altar,
          mainiacjoe_overflow_paths, serial_park_tiny_2, minmay_misc_feat_alley,
          kennysheep_diamond
D:7:      nzn_winding_woodlands_small [nzn_winding_woodlands_5x15_cabin,
          nzn_winding_woodlands_center_pierced_h,
          nzn_winding_woodlands_5x15_jagged], layout_basic, minitemple
D:8:      layout_gridville, nicolae_sif_muna_condensation,
          nemelex_xobeh_ov_fountains_minmay, mainiacjoe_overflow_brackets,
          lemuel_zombie_altar_kikubaaqudgha, enter_bailey_2,
          grunt_decor_arrowhead, kennysheep_windowed_goal, uniq_joseph
D:9:      layout_loops_ring, nicolae_ashenzari_panopticon
D:10:     cheibrodos_statue_roulette, layout_stronghold,
          mainiacjoe_overflow_small_starburst, minmay_hollow_rounded_squares,
          uniq_urug
D:11:     layout_rooms, erik_lair_dragon, orc_0_dummy,
          nicolae_dithmenos_the_darkroom, uniq_psyche, uniq_grum
D:12:     layout_gridville, grunt_tough_drop
D:13:     layout_loops_ring, nicolae_straight_to_the_point, uniq_snorg,
          uniq_kirke
D:14:     layout_gridville, david_vaults_2, chequers_arboretum,
          nrook_guardian_serpent_double
D:15:     grunt_enter_depths_giant_problem, layout_irregular_city,
          nicolae_wu_jian_immortal_techniques, serial_shops,
          nicolae_shop_overgrown_old_shop
Temple:   hellmonk_temple_divided_pantheon
Lair:1:   layout_cave_pods, infiniplex_staircase_pool_2, uniq_maggie,
          uniq_gastronok
Lair:2:   layout_cave_pods, spider_nest_entry_a, grunt_megastairs_1
Lair:3:   layout_regular_city, minmay_swamp_entry_worms, serial_rivers,
          chequers_serial_rivers_marsh, chequers_serial_rivers_marsh,
          chequers_serial_rivers_large_b, chequers_serial_rivers_large_a,
          chequers_serial_rivers_micro_d, chequers_serial_rivers_micro_b,
          minmay_holes, lemuel_fruit_tree, uniq_amaemon
Lair:4:   layout_regular_city, slime_entry_1, gammafunk_ghost_abyssal_escape
Lair:5:   minmay_lair_end_frog_pond, layout_cave_pods, ebering_ghost_xom,
          dreamdust_gnoll_shepherd, uniq_nessos
Swamp:1:  layout_basic_swamp, serial_swamp_ruin, evilmike_swamp_ruin_rubble_1,
          evilmike_swamp_ruin_house_1, swamp_pool5, nicolae_swamp_snake_nest
Swamp:2:  layout_basic_swamp, ebering_ghost_funeral_grove,
          hangedman_swamp_ruin_wall, nicolae_swamp_rocky_clearing,
          beargit_kiku_chapel
Swamp:3:  layout_basic_swamp, nicolae_swamp_orc_logging_accident
Swamp:4:  swamp, layout_basic_swamp, uniq_nikola
Spider:1: layout_spider_delve
Spider:2: layout_cave_pods
Spider:3: layout_spider_delve, gammafunk_ghost_necromancy,
          beargit_elvish_explorers
Spider:4: johnstein_spider_rune_arachne_lair, nicolae_spider_bug_shape,
          uniq_aizul
Slime:1:  layout_caves, special_room [special_room_jelly]
Slime:2:  layout_caves
Slime:3:  layout_caves
Slime:4:  layout_caves
Slime:5
Orc:1:    layout_caves, serial_shops, shop
Orc:2:    grunt_orc_community_town_hall, layout_diamond_mine,
          grunt_orc_community_big_house_1, grunt_orc_community_big_house_2,
          grunt_orc_community_house_2, grunt_orc_community_house_3,
          grunt_orc_community_house_2, grunt_orc_community_house_3,
          grunt_orc_community_house_1, ebering_ghost_rock_garden, mines4_lemuel
Elf:1:    eino_elf_arrival_customs, layout_geoelf_diagonals,
          minmay_elf_necromancy, minmay_shop_star, grunt_megastairs_5,
          uniq_zenata, uniq_asterion
Elf:2:    elven_hall_of_blades_hangedman_original [nicolae_blade_bullseye],
          layout_gridlike, minmay_shoptagon
Elf:3:    minmay_elf_hall_furrowed, layout_onion_city
Vaults:1: vaults_dpeg_spiral, special_room_vaults [special_room_orc],
          nicolae_vaults_asterisk, nicolae_vaults_specimen_jars,
          layout_vaults_omnigrid
Vaults:2: nicolae_vaults_little_ls, hangedman_vaults_river_flow, v_rooms_6,
          vaults_dpeg_cross, grunt_vaults_hallway_long, hangedman_vaults_slice,
          nicolae_vaults_hallways_thing, vaults_dpeg_encased_lava, v_rooms_4,
          nicolae_vaults_network_square, ontoclasm_vaults_chip,
          nicolae_vaults_holding_cells, vaults_dpeg_emergency_exit, v_misc_14,
          layout_vaults_omnibox, uniq_margery
Vaults:3: v_misc_12, minmay_crypt_entry_simple_plaza,
          nicolae_vaults_network_periphery, nicolae_vaults_mini_display_case,
          grunt_vaults_diagonal, nicolae_vaults_alarming, serial_ice_g,
          vaults_room_hallway, vaults_room_pools,
          ontoclasm_vaults_loading_screen, ontoclasm_vaults_loading_screen,
          layout_vaults_big_room
Vaults:4: v_rooms_3, nicolae_vaults_murderbox, vaults_mumra_lcd,
          nicolae_vaults_little_squares_4, nicolae_vaults_angled_halls,
          nicolae_vaults_little_squares_3, vaults_dpeg_ring, v_rooms_5,
          dpeg_vaults_monster_row, v_rooms_1, v_alt_pattern_6,
          ontoclasm_vaults_fault, v_misc_31, layout_vaults_ring, serial_shops,
          shop, shop, nicolae_shop_waterfront, nicolae_diamond_shop, uniq_boris
Vaults:5
Crypt:1:  layout_chaotic_city, gammafunk_ghost_fury_of_okawaru
Crypt:2:  layout_chaotic_city
Crypt:3:  grunt_crypt_end_deaths_head
Tomb:1
Tomb:2
Tomb:3
Depths:1: minmay_the_grid_plus_closed [minmay_the_grid_spikes,
          minmay_the_grid_garden, minmay_the_grid_zigzag_pyramid,
          minmay_the_grid_paths, minmay_the_grid_prize_four_corners_diamond_a],
          layout_long_grid, fedhas_altar_4, pf_hell_entry_great_geh,
          serial_shops, nicolae_shop_behind_doors, laboratory
Depths:2: grunt_runaround [grunt_runaround_doors_1, grunt_runaround_doors_2,
          grunt_runaround_doors_3, grunt_runaround_doors_4,
          grunt_runaround_loot], hell_entry, abyss_entry, pan_entry
Depths:3: evilmike_library_of_no_secrets, layout_cave_shapes, grunt_metal_band,
          kennysheep_cluttered_room, abyss_entry
Depths:4: grunt_crosshair, layout_gridlike, enter_ziggurat_a, serial_shops,
          bzr_entry_gold, hell_entry, hangedman_decor_growths,
          serial_bayou_shore_b
Hell
Dis:1:    layout_subdivisions
Dis:2:    layout_regular_city, hangedman_dis_chains
Dis:3:    layout_subdivisions
Dis:4:    layout_jigsaw
Dis:5:    layout_gridville
Dis:6:    layout_regular_city, nicolae_dis_step_into_the_octagon
Dis:7:    dis_st
Geh:1:    layout_gehenna_pools_basic
Geh:2:    layout_gehenna_lava_caves
Geh:3:    layout_gehenna_pools_box, evilmike_ambush
          [evilmike_ambush_outer_basic, evilmike_ambush_inner_pond]
Geh:6:    layout_gehenna_lava_caves, gehenna_fire_generator,
          nicolae_geh_backdraft
Geh:7:    geh_hangedman
Coc:1:    layout_ice_bergs
Coc:2:    layout_ice_bergs
Coc:3:    layout_ice_bergs
Coc:4:    nicolae_hells_giants_party, layout_cocytus_water_paths
Coc:5:    layout_ice_bergs
Coc:6:    layout_cocytus_water_paths
Coc:7:    coc_grunt
Tar:1:    layout_grid_maze, nicolae_tar_windowcombs
Tar:2:    layout_grid_maze
Tar:3:    layout_honeycomb
Tar:4:    layout_honeycomb
Tar:5:    layout_honeycomb, nicolae_tar_combbox
Tar:6:    layout_catacombs, door_vault
Tar:7:    tar_old
Zot:1:    lemuel_firehouse, layout_cathedral_of_symmetry,
          ebering_ghost_reflecting_pool
Zot:2:    layout_cathedral_of_symmetry
Zot:3:    layout_onion_interference, lemuel_baited_zot_trap, drop_trap,
          nicolae_shop_clearance
Zot:4:    layout_cellular_growth, evilmike_ambush [evilmike_ambush_outer_doors,
          evilmike_ambush_inner_cross], lemuel_elevator, uniq_parghit
Zot:5:    layout_cellular_growth, ebering_ghost_rock_garden, nrook_zot_tub

Skill      XL: |  1  2  3  4  5  6  7  8  9 10 11 12 13 14 15 16 17 18 19 20 21 22 23 24 25 26 27 |
---------------+----------------------------------------------------------------------------------+-----
Spellcasting   | 3 4 5 7 9 11 13 14 15 16 17 18 19 20 21 22 23 26 27 | 27.0
Air Magic      | 4 5 6 7 8 10 22 | 22.0
Conjurations   | 2 3 4 5 6 9 11 13 14 16 17 18 19 20 21 22 27 | 27.0
Poison Magic   | 3 7 |  7.0
Fighting       | 2 5 6 7 8 12 14 15 27 | 27.0
Dodging        | 3 5 7 8 27 | 27.0
Hexes          | 2 3 |  3.0
Fire Magic     | 2 7 10 11 12 13 15 18 20 21 22 | 22.0
Shields        | 2 5 24 | 24.0
Ice Magic      | 3 10 12 22 | 22.0
Evocations     | 2 5 |  5.0
Necromancy     | 6 7 11 14 22 | 22.0
Transmutations | 9 12 14 | 14.0
Earth Magic    | 22 | 22.0
Armour         | 22 | 22.6
Stealth        | 27 | 27.0
Maces & Flails | 20 | 20.0
Translocations | 8 |  8.0

Action                   |  1- 3 |  4- 6 |  7- 9 | 10-12 | 13-15 | 16-18 | 19-21 | 22-24 | 25-27 || total
-------------------------+-------+-------+-------+-------+-------+-------+-------+-------+-------++-------
Melee: Sling             |       |       |     1 |       |       |       |       |       |       ||     1
       Dagger            |       |       |       |       |     7 |       |       |       |       ||     7
       Demon whip        |       |       |       |       |    66 |     2 |       |       |       ||    68
       Eveningstar       |       |       |       |       |       |     1 |       |       |    15 ||    16
       Staff             |       |       |       |       |       |       |       |     2 |    15 ||    17
 Fire: Sling             |    21 |    84 |    14 |     6 |     8 |       |       |       |       ||   133
       Shortbow          |       |       |       |       |       |     6 |     1 |       |       ||     7
 Cast: Shock             |    27 |    48 |    20 |    23 |     6 |       |       |       |       ||   124
       Static Discharge  |       |    15 |    32 |    40 |   134 |    22 |     1 |       |       ||   244
       Lightning Bolt    |       |       |    13 |    43 |    47 |    16 |    10 |       |     1 ||   130
       Airstrike         |       |       |    14 |    78 |    38 |    24 |       |       |       ||   154
       Swiftness         |       |       |     1 |       |       |     1 |       |       |       ||     2
       Fulminant Prism   |       |       |       |     5 |    25 |     8 |       |       |       ||    38
       Olgreb's Toxic Ra |       |       |       |     3 |    18 |     1 |       |       |       ||    22
       Fireball          |       |       |       |       |   126 |   264 |   199 |    33 |   119 ||   741
       Freezing Cloud    |       |       |       |       |     1 |       |       |       |       ||     1
       Ozocubu's Refrige |       |       |       |       |       |    35 |    57 |     3 |     6 ||   101
       Sublimation of Bl |       |       |       |       |       |    17 |   106 |    50 |   324 ||   497
       Starburst         |       |       |       |       |       |     2 |     6 |       |       ||     8
       Iron Shot         |       |       |       |       |       |       |    20 |     7 |   311 ||   338
       Fire Storm        |       |       |       |       |       |       |    54 |   130 |  1117 ||  1301
       Polar Vortex      |       |       |       |       |       |       |       |       |    52 ||    52
       Iskenderun's Myst |       |       |       |       |       |       |       |       |    50 ||    50
       Lehudib's Crystal |       |       |       |       |       |       |       |       |    29 ||    29
       Necromutation     |       |       |       |       |       |       |       |       |    27 ||    27
       Apportation       |       |       |       |       |       |       |       |       |     2 ||     2
 Abil: Evoke Blink       |       |       |       |       |       |       |       |     2 |     3 ||     5
       End Transformatio |       |       |       |       |       |       |       |       |    21 ||    21
Evoke: Wand              |       |       |     5 |     2 |     4 |     7 |     2 |       |     2 ||    22
       Figurine of a zig |       |       |       |       |       |       |       |       |     1 ||     1
  Use: Scroll            |       |       |    15 |    13 |     9 |    12 |     5 |     8 |    29 ||    91
       Potion            |       |       |       |     2 |     1 |     2 |     1 |     1 |    31 ||    38
 Stab: Fleeing           |       |       |       |       |       |       |       |     1 |       ||     1
Armor: Robe              |     3 |    22 |     7 |    14 |    14 |    18 |    20 |     4 |    73 ||   175
       Troll leather arm |       |       |       |       |    44 |       |       |       |       ||    44
Dodge: Dodged            |     8 |    38 |    25 |    44 |    92 |    67 |    50 |    23 |   249 ||   596
Block: Buckler           |       |       |       |       |    29 |     8 |       |       |   158 ||   195

Table legend: (Time is in decaauts)
 A = Elapsed time spent in this place.
 B = Non-inter-level travel time spent in this place.
 C = Inter-level travel time spent in this place.
 D = Time resting spent in this place.
 E = Time spent auto-exploring this place.
 F = Levels seen in this place.
 G = Mean time per level.
                   A        B        C        D        E       F      G
               +--------+--------+--------+--------+--------+-----+--------+
         Total |  32190 |  29907 |   2283 |    979 |     41 | 153 |  210.4 |
       Dungeon |   7166 |   6356 |    810 |     26 |      4 |  15 |  477.7 |
        Temple |     26 |     26 |      0 |      0 |      0 |   1 |   26.0 |
          Lair |   2532 |   2267 |    265 |      0 |      0 |   5 |  506.4 |
         Swamp |    962 |    951 |     11 |      0 |      0 |   4 |  240.5 |
   Spider Nest |   1247 |   1185 |     62 |      0 |      0 |   4 |  311.8 |
    Slime Pits |    662 |    662 |      0 |      0 |      0 |   5 |  132.4 |
  Orcish Mines |   1208 |   1122 |     86 |      0 |      0 |   2 |  604.0 |
   Elven Halls |   1619 |   1619 |      0 |    113 |      0 |   3 |  539.7 |
        Vaults |   2464 |   2100 |    364 |      0 |      0 |   5 |  492.8 |
         Crypt |    955 |    822 |    133 |    198 |      0 |   3 |  318.3 |
          Tomb |   1308 |   1199 |    109 |      5 |     37 |   3 |  436.0 |
        Depths |   1488 |   1161 |    327 |     14 |      0 |   4 |  372.0 |
          Hell |    281 |    279 |      2 |      0 |      0 |   1 |  281.0 |
           Dis |   1054 |    958 |     96 |     27 |      0 |   7 |  150.6 |
       Gehenna |    524 |    524 |      0 |      0 |      0 |   5 |  104.8 |
       Cocytus |    888 |    888 |      0 |     21 |      0 |   7 |  126.9 |
      Tartarus |   1098 |   1098 |      0 |    403 |      0 |   7 |  156.9 |
           Zot |    557 |    541 |     16 |      8 |      0 |   5 |  111.4 |
         Abyss |    505 |    505 |      0 |      0 |      0 |   3 |  168.3 |
   Pandemonium |   2201 |   2201 |      0 |     13 |      0 |  16 |  137.6 |
      Ziggurat |   3343 |   3343 |      0 |    151 |      0 |  47 |   71.1 |
        Bazaar |     91 |     91 |      0 |      0 |      0 |   1 |   91.0 |
               +--------+--------+--------+--------+--------+-----+--------+

Top non-repeatable levels by time:
   Elf:3: 984 daAuts
   Orc:2: 828 daAuts
     D:8: 810 daAuts
Spider:4: 800 daAuts
  Tomb:1: 745 daAuts
  Lair:3: 706 daAuts
     D:7: 680 daAuts
 Crypt:3: 673 daAuts
     D:2: 672 daAuts
    D:14: 662 daAuts
   Dis:7: 659 daAuts
    D:11: 656 daAuts
    D:10: 643 daAuts
   Coc:7: 613 daAuts
Vaults:5: 608 daAuts
